 Dungeon Crawl Stone Soup version 0.24.0-37-gcf1ca852f1 (webtiles) character file.

Game seed: 15538986221872850889, levelgen mode: deterministic

1012489 DildoBatman the Petrodigitator (level 27, -7/237 HPs)
             Began as a Formicid Wizard on Nov 22, 2019.
             Was an Initiate of Gozag.
             Killed from afar by a hellion (44 damage)
             ... with damnation
             ... on level 25 of a ziggurat on Nov 24, 2019.
             The game lasted 04:45:19 (63974 turns).

DildoBatman the Petrodigitator (Formicid Wizard)   Turns: 63974, Time: 04:45:19

Health: -7/237     AC: 29    Str: 19    XL:     27
Magic:  13/47      EV: 46    Int: 38    God:    Gozag
Gold:   9368       SH: 33    Dex: 24    Spells: 2/58 levels left

rFire    + . .     SeeInvis +   a - staff of energy
rCold    + + +     Gourm    .   F - +8 large shield {rF+}
rNeg     + + +     Faith    .   o - +4 troll leather armour
rPois    ∞         Spirit   .   (helmet unavailable)
rElec    +         Reflect  .   d - +3 cloak of Kommytunn {*Drain rPois rC+ Int+7}
rCorr    +         Harm     .   l - +2 pair of gloves {Dex+3}
MR       +++..     Clarity  +   s - +3 pair of boots of the Pink Corner {rF- Regen+ Dex+7 Stlth+}
Stlth    ++++++++..             r - amulet of Vitality {Regen+ HP+15}
HPRegen  1.69/turn              K - ring "Codgholuo" {rElec rN+ EV+6 Stlth+}
MPRegen  0.30/turn              C - ring of Phasing {EV+8}

@: mighty, agile, lich-form, resistant, darkness, sap magic, gold aura, very
slightly contaminated, studying Throwing, extremely magic sapped
A: permanent stasis, dig shafts and tunnels, four strong arms, antennae 3,
clarity, clever 1, high mp 1, electricity resistance
}: 4/15 runes: serpentine, barnacled, silver, golden
a: Dig, Shaft Self, End Transformation, Potion Petition, Call Merchant, Bribe
Branch, Renounce Religion


You were on level 25 of a ziggurat.
You worshipped Gozag.
Gozag was greatly pleased with you.
You were not hungry.
You were a lich.
You visited 10 branches of the dungeon, and saw 46 of its levels.
You visited 2 ziggurats (completing 1), and saw 52 of their levels.
You also visited: Desolation.

You collected 48266 gold pieces.
You spent 10093 gold pieces at shops.
You paid 28805 gold pieces to Gozag.

Inventory:

Hand Weapons
 b - the +9 morningstar "Teppuuj" {freeze, rF+ rC+}
   (You took it off a centaur on level 15 of the Dungeon)

   It has been specially enchanted to freeze those struck by it, causing extra
   injury to most foes and up to half again as much damage against particularly
   susceptible opponents.
   It can also slow down cold-blooded creatures.
   It protects you from fire.
   It protects you from cold.
 c - the +8 frozen axe "Frostbite" {freezing cloud, *Noise +Fly rC+}
   (You found it on level 24 of a ziggurat)

   It has been specially enchanted to freeze those struck by it, causing extra
   injury to most foes and up to half again as much damage against particularly
   susceptible opponents.
   It can also slow down cold-blooded creatures.
   It protects you from cold.
   It lets you fly.
   It may make noises in combat.
Missiles
 I - 10 throwing nets (quivered)
 O - 39 silver javelins
Armour
 d - the +3 cloak of Kommytunn (worn) {*Drain rPois rC+ Int+7}
   (You acquired it on level 26 of a ziggurat)

   It affects your intelligence (+7).
   It protects you from cold.
   It protects you from poison.
   It causes draining when unequipped.
 l - a +2 pair of gloves of dexterity (worn)
 o - a +4 troll leather armour (worn)
 s - the +3 pair of boots of the Pink Corner (worn) {rF- Regen+ Dex+7 Stlth+}
   (You acquired it on level 3 of the Tomb of the Ancients)

   It affects your dexterity (+7).
   It makes you vulnerable to fire.
   It increases your rate of regeneration.
   It makes you more stealthy.
 F - a +8 large shield of fire resistance (worn)
Magical Staves
 a - an uncursed staff of energy (weapon)
Jewellery
 r - the amulet of Vitality (around neck) {Regen+ HP+15}
   (You bought it in a shop on level 9 of the Dungeon)

   [amulet of regeneration]

   It affects your health (+15).
   It increases your rate of regeneration.
 C - the ring of Phasing (right hand) {EV+8}
   (You found it on level 14 of a ziggurat)

   [ring of evasion]

   It affects your evasion (+8).
 D - the ring of the Blue Skies {Wiz +Fly rC+}
   (You found it on level 19 of a ziggurat)

   [ring of wizardry]

   It improves your spell success rate.
   It protects you from cold.
   It lets you fly.
 E - the ring of Xateod {Slay+2 SInv, unknown}
   (You found it on level 23 of a ziggurat)

   [ring of see invisible]

   It affects your accuracy and damage with ranged weapons and melee attacks
   (+2).
   It lets you see invisible.
 K - the ring "Codgholuo" (left hand) {rElec rN+ EV+6 Stlth+}
   (You bought it in a shop on level 9 of the Dungeon)

   [ring of evasion]

   It affects your evasion (+6).
   It insulates you from electricity.
   It protects you from negative energy.
   It makes you more stealthy.
 U - the ring of Divine Intervention {rF+++ rN+ MR+ Int-2 SInv}
   (You found it in the Desolation of Salt)

   [ring of see invisible]

   It affects your intelligence (-2).
   It renders you almost immune to fire.
   It protects you from negative energy.
   It affects your resistance to hostile enchantments.
   It lets you see invisible.
Wands
 j - a wand of clouds (10)
 H - a wand of acid (43)
 T - a wand of iceblast (50)
Scrolls
 e - 5 scrolls of holy word
 g - 14 scrolls of enchant armour
 m - 5 scrolls of immolation
 x - 48 scrolls of remove curse
 y - 19 scrolls of amnesia
 z - 38 scrolls of identify
 N - 21 scrolls of fog
Potions
 f - 5 potions of brilliance
 h - a potion of agility
 k - 7 potions of might
 p - 25 potions of heal wounds
 u - a potion of cancellation
 w - 32 potions of mutation
 Q - 5 potions of ambrosia
 R - 19 potions of curing
 V - 2 potions of invisibility
 Y - 3 potions of magic
Books
 q - a manual of Throwing
Miscellaneous
 n - 17 sacks of spiders
 t - a phial of floods
 A - 13 boxes of beasts
 B - a lamp of fire
 J - a fan of gales
 M - 21 phantom mirrors
 P - a lightning rod (4/4)
Comestibles
 v - 50 rations


   Skills:
 - Level 19.4 Fighting
 * Level 11.3 Throwing
 - Level 15.0 Armour
 - Level 15.0 Dodging
 - Level 12.1 Stealth
 - Level 23.5 Shields
 - Level 16.0 Spellcasting
 * Level 21.7 Conjurations
 - Level 10.2 Hexes
 - Level 6.0 Charms
 - Level 8.0 Summonings
 - Level 19.0 Necromancy
   Level 0.8 Translocations
 - Level 19.0 Transmutations
   Level 13.9 Fire Magic
 * Level 21.2 Ice Magic
 O Level 27 Air Magic
 O Level 27 Earth Magic
 - Level 15.1 Evocations


You had 2 spell levels left.
You knew the following spells:

 Your Spells              Type           Power        Failure   Level  Hunger
a - Borgnjor's Vile Clut  Necr/Erth      ########..   21%         5    N/A
b - Shatter               Erth           ########..   54%         9    N/A
c - Tornado               Air            ########..   54%         9    N/A
d - Necromutation         Tmut/Necr      ########..   61%         8    N/A
e - Regeneration          Chrm/Necr      ########..   22%         3    N/A
f - Chain Lightning       Conj/Air       ########..   38%         8    N/A
g - Darkness              Hex            #######...   58%         6    N/A
h - Ozocubu's Armour      Chrm/Ice       #######.     21%         3    N/A
i - Aura of Abjuration    Summ           ######....   50%         5    N/A

Your spell library contained the following spells:

 Spells                   Type           Power        Failure   Level  Hunger
 Animate Skeleton         Necr           N/A          21%         1    N/A
 Beastly Appendage        Tmut           ######       21%         1    N/A
 Flame Tongue             Conj/Fire      #####        21%         1    N/A
 Freeze                   Ice            ####         21%         1    N/A
 Magic Dart               Conj           ####         21%         1    N/A
 Pain                     Necr           ####         21%         1    N/A
 Sandblast                Erth           ######       21%         1    N/A
 Shock                    Conj/Air       ####         21%         1    N/A
 Sting                    Conj/Pois      ####         21%         1    N/A
 Corpse Rot               Necr           N/A          21%         2    N/A
 Ensorcelled Hibernation  Hex/Ice        ######       21%         2    N/A
 Passwall                 Tmut/Erth      ########     21%         2    N/A
 Poisonous Vapours        Pois/Air       ######       21%         2    N/A
 Searing Ray              Conj           ######       21%         2    N/A
 Sticks to Snakes         Tmut           ########     21%         2    N/A
 Sublimation of Blood     Necr           ########..   21%         2    N/A
 Swiftness                Chrm/Air       ########     21%         2    N/A
 Throw Flame              Conj/Fire      ######       21%         2    N/A
 Throw Frost              Conj/Ice       ######       21%         2    N/A
 Confusing Touch          Hex            ######       22%         1    N/A
 Corona                   Hex            #######      22%         1    N/A
 Slow                     Hex            #######.     24%         2    N/A
 Summon Butterflies       Summ           ######..     26%         1    N/A
 Summon Small Mammal      Summ           ####         26%         1    N/A
 Call Imp                 Summ           ######..     28%         2    N/A
 Infusion                 Chrm           ####         30%         1    N/A
 Song of Slaying          Chrm           ######..     32%         2    N/A
 Shroud of Golubria       Chrm/Tloc      ######       38%         2    N/A
 Apportation              Tloc           #####.       45%         1    N/A
 Conjure Flame            Conj/Fire      ########     21%         3    N/A
 Dazzling Spray           Conj/Hex       ######       21%         3    N/A
 Mephitic Cloud           Conj/Pois/Air  ########     21%         3    N/A
 Static Discharge         Conj/Air       ########     21%         3    N/A
 Stone Arrow              Conj/Erth      ######       21%         3    N/A
 Vampiric Draining        Necr           ########..   21%         3    N/A
 Airstrike                Air            ########..   21%         4    N/A
 Animate Dead             Necr           N/A          21%         4    N/A
 Fulminant Prism          Conj/Hex       ########..   21%         4    N/A
 Ice Form                 Ice/Tmut       ########     21%         4    N/A
 Iskenderun's Mystic Bla  Conj           ########     21%         4    N/A
 Leda's Liquefaction      Hex/Erth       ########..   21%         4    N/A
 Petrify                  Tmut/Erth      ########     21%         4    N/A
 Sticky Flame             Conj/Fire      ########     21%         4    N/A
 Summon Lightning Spire   Summ/Air       ########     21%         4    N/A
 Throw Icicle             Conj/Ice       ########     21%         4    N/A
 Agony                    Necr           ########     21%         5    N/A
 Blade Hands              Tmut           ########..   21%         5    N/A
 Bolt of Draining         Conj/Necr      ########..   21%         5    N/A
 Bolt of Magma            Conj/Fire/Erth ########..   21%         5    N/A
 Dispel Undead            Necr           ########     21%         5    N/A
 Irradiate                Conj/Tmut      ########..   21%         5    N/A
 Lee's Rapid Deconstruct  Erth           ########..   21%         5    N/A
 Lightning Bolt           Conj/Air       ########..   21%         5    N/A
 Silence                  Hex/Air        ########..   21%         5    N/A
 Conjure Ball Lightning   Conj/Air       ########..   21%         6    N/A
 Freezing Cloud           Conj/Ice/Air   ########..   21%         6    N/A
 Iron Shot                Conj/Erth      ########..   21%         6    N/A
 Statue Form              Tmut/Erth      ########.    21%         6    N/A
 Fireball                 Conj/Fire      ########..   22%         5    N/A
 Inner Flame              Hex/Fire       #######.     24%         3    N/A
 Summon Ice Beast         Ice/Summ       #######.     24%         4    N/A
 Bolt of Cold             Conj/Ice       ########..   24%         6    N/A
 Ozocubu's Refrigeration  Ice            ########..   24%         6    N/A
 Ignite Poison            Fire/Tmut/Pois #######.     26%         3    N/A
 Simulacrum               Ice/Necr       ########..   26%         6    N/A
 Confuse                  Hex            #######.     28%         3    N/A
 Spider Form              Tmut/Pois      #######...   28%         3    N/A
 Tukima's Dance           Hex            #######.     28%         3    N/A
 Metabolic Englaciation   Hex/Ice        ########..   28%         5    N/A
 Death Channel            Necr           ########..   28%         6    N/A
 Hydra Form               Tmut           ########..   28%         6    N/A
 Summon Guardian Golem    Hex/Summ       #######.     30%         3    N/A
 Iskenderun's Battlesphe  Conj/Chrm      #######.     30%         5    N/A
 Yara's Violent Unravell  Hex/Tmut       #######...   30%         5    N/A
 Call Canine Familiar     Summ           ######..     32%         3    N/A
 Spectral Weapon          Hex/Chrm       #######.     32%         3    N/A
 Force Lance              Conj/Tloc      #######.     32%         4    N/A
 Bolt of Fire             Conj/Fire      ########..   32%         6    N/A
 Orb of Destruction       Conj           ########..   32%         7    N/A
 Cause Fear               Hex            #######...   34%         4    N/A
 Excruciating Wounds      Chrm/Necr      ########..   34%         5    N/A
 Deflect Missiles         Chrm/Air       ########..   34%         6    N/A
 Portal Projectile        Hex/Tloc       ######       38%         3    N/A
 Venom Bolt               Conj/Pois      #######...   38%         5    N/A
 Dragon Form              Tmut           ########..   38%         7    N/A
 Lehudib's Crystal Spear  Conj/Erth      ########..   38%         8    N/A
 Recall                   Summ/Tloc      N/A          41%         3    N/A
 Alistair's Intoxication  Tmut/Pois      #######.     43%         5    N/A
 Summon Mana Viper        Hex/Summ       #######.     45%         5    N/A
 Summon Demon             Summ           ######....   50%         5    N/A
 Poison Arrow             Conj/Pois      #######...   56%         6    N/A
 Spellforged Servitor     Conj/Summ      #######...   56%         7    N/A
 Gell's Gravitas          Tloc           #####.....   58%         3    N/A
 Lesser Beckoning         Tloc           #####.....   58%         3    N/A
 Teleport Other           Tloc           #####...     58%         3    N/A
 Invisibility             Hex            #######.     58%         6    N/A
 Borgnjor's Revivificati  Necr           ########..   61%         8    N/A
 Infestation              Necr           ########..   61%         8    N/A
 Haunt                    Necr/Summ      ########..   65%         7    N/A
 Summon Forest            Summ/Tloc      ######....   69%         5    N/A
 Shadow Creatures         Summ           N/A          73%         6    N/A
 Passage of Golubria      Tloc           N/A          77%         4    N/A
 Olgreb's Toxic Radiance  Pois           ####....     82%         4    N/A
 Ring of Flames           Chrm/Fire      #######...   87%         7    N/A
 Glaciate                 Conj/Ice       ########..   88%         9    N/A
 Ignition                 Fire           #######...   92%         8    N/A
 Monstrous Menagerie      Summ           ######....   96%         7    N/A
 Summon Greater Demon     Summ           ######....   96%         7    N/A
 Summon Hydra             Summ           ######....   96%         7    N/A
 Death's Door             Chrm/Necr      ########..   97%         8    N/A
 Discord                  Hex            #######...   99%         8    N/A
 Fire Storm               Conj/Fire      ########..   99%         9    N/A
 Dispersal                Tloc           #####.....   100%        6    N/A
 Malign Gateway           Summ/Tloc      ######....   100%        7    N/A
 Disjunction              Tloc           #####.....   100%        8    N/A
 Summon Horrible Things   Summ           ######....   100%        8    N/A
 Dragon's Call            Summ           ######....   100%        9    N/A
 Blink                    Tloc           Unusable     N/A         2    N/A
 Controlled Blink         Tloc           Unusable     N/A         8    N/A

Dungeon Overview and Level Annotations

Branches:
Dungeon (15/15)            Temple (1/1) D:4            Lair (6/6) D:8
 Shoals (4/4) Lair:4        Snake (4/4) Lair:3        Slime (0/5) Lair:5
    Orc (2/2) D:11            Elf (3/3) Orc:2        Vaults (5/5) D:14
  Crypt (3/3) Vaults:2       Tomb (3/3) Crypt:3      Depths (0/5) D:15
Desolation (visited)

Altars:
Ashenzari
Cheibriados
Dithmenos
Elyvilon
Fedhas
Gozag
Hepliaklqana
Kikubaaqudgha
Makhleb
Nemelex Xobeh
Okawaru
Qazlal
Ru
Sif Muna
Trog
Uskayaw
Vehumet
Wu Jian
Xom
Yredelemnul
Zin
The Shining One
Beogh
Jiyva

Shops:
D:5 *   D:9 =:(   Orc:1 =   Orc:2 =*(}   Snake:2 }   Snake:3 :%   Vaults:3 =?
Tomb:3 *=[[=[[

Portals:
Trove: D:10 (give +2 shadow dragon scales)


Innate Abilities, Weirdness & Mutations

You cannot be hasted, slowed, berserked, paralysed or teleported.
You can dig through walls and to a lower floor.
Your four strong arms can wield two-handed weapons with a shield.
You have a pair of large antennae on your head. (SInv)
You possess an exceptional clarity of mind.
Your mind is acute. (Int +2)
You have an increased reservoir of magic. (+10% MP)
You are resistant to electric shocks. (rElec)


Message History

The zombie hands constrict the reaper.
The torturous blood saint conjures a destructive force in the name of Makhleb!
The fireball explodes!
The fireball engulfs you! You resist.
The fireball explodes!
The fireball engulfs you!! You resist.
A hellion comes into view.
The blizzard demon becomes distracted by the nearby gold, dreaming of imaginary riches.
The hellion becomes distracted by the nearby gold, dreaming of imaginary riches.
The Tzitzimitl struggles to escape constriction.
The reaper struggles to escape constriction.
A tormentor comes into view.
The torturous blood saint becomes distracted by the nearby gold, dreaming of imaginary riches.
The hellion gestures at you.
The sphere of damnation explodes!
The damnation engulfs you!!!
You die...
Your body crumbles into a pile of gold.

▓.....................
▓▓...................$$
▓................$..1{.
▓.............$...626{6
▓.............2$2.12$.6
▓..........☼..$$$.12${6
▓▓.............$$5.221.$
▓..∩...........$.56.&3{$
▓▓.........$.$.L.$..1$.2
▓.........$.......22..2
▓..............[..1.$.2
▓..............☼.$.$..1
▓.....................1
▓▓.....................
▓....................$


You could see Nykkuiwoul, 2 Hell Sentinels, a Tzitzimitl, a Brimstone Fiend, an
infernal warmonger, 2 hell beasts, a lorocyproca (invisible), 2 reapers, a
blizzard demon (unaware), a torturous blood saint (unaware), 2 hellions, a
tormentor (wandering) and 2 ufetubi.

Vanquished Creatures
  3 ancient liches
  Mennas (Crypt:3)
  15 juggernauts
  44 greater mummies
  Boris (twice) (Vaults:5 Tomb:3)
  9 Killer Klowns
  19 shard shrikes
  Frederick (Tomb:1)
  Vashnia (Snake:4)
  Xtahua (Crypt:1)
  Saint Roka (Elf:2)
  4 caustic shrikes
  6 golden dragons
  25 pandemonium lords
  5 bone dragons
  A profane servitor (Zig:3)
  6 pearl dragons (Zig:18)
  7 Tzitzimimeh
  9 iron giants
  2 Brimstone Fiends
  2 electric golems (Zig:8)
  5 Hell Sentinels
  7 hellephants
  5 tentacled monstrosities
  14 Ice Fiends
  A shard shrike skeleton (Crypt:1)
  4 liches
  The ghost of Moagi the Spawn of Chaos, an adept GnSk of Makhleb (Vaults:4)
  Asterion (Vaults:2)
  9 titans
  4 deep elf blademasters
  2 quicksilver dragons
  A quicksilver dragon (shapeshifter) (Zig:27)
  54 acid blobs
  8 tentacled starspawn
  11 deep elf master archers
  7 sphinxes
  Polyphemus (Shoals:3)
  A kraken (Shoals:4)
  11 Executioners
  2 thorn hunters (Zig:16)
  Donald (Snake:3)
  4 shadow dragons (shapeshifter)
  11 ancient champions
  3 draconian monks (Zig:15)
  5 tengu reavers
  8 revenants
  A fire giant (shapeshifter) (Zig:27)
  12 storm dragons
  26 azure jellies
  14 nagarajas
  3 fire giants
  7 daevas (Zig:18)
  5 deep elf sorcerers
  15 draconian knights
  3 imperial myrmidons (Desolation)
  4 cacodemons
  8 iron dragons
  10 corrupters
  4 blood saints
  8 caustic shrike zombies
  7 balrugs
  A frost giant (shapeshifter) (Zig:14)
  A ghost moth (shapeshifter) (Zig:27)
  5 emperor scorpions
  17 frost giants
  8 draconian scorchers
  6 deep elf elementalists
  Louise (Snake:1)
  2 curse skulls
  6 draconian stormcallers
  9 vault wardens
  21 reapers
  32 orc warlords
  10 ghouls
  20 ghost moths
  A caustic shrike skeleton (Zig:26)
  9 draconian shifters
  10 black suns
  10 angels (Zig:18)
  5 draconian annihilators
  4 warmongers
  4 juggernaut skeletons
  3 juggernaut zombies
  18 entropy weavers
  11 war gargoyles
  21 stone giants
  16 bennus
  19 ironheart preservers
  Nessos (D:14)
  14 deep elf demonologists
  15 very ugly things
  2 ophanim (Zig:18)
  An entropy weaver (shapeshifter) (Zig:27)
  6 apis (Zig:18)
  7 lorocyprocas
  9 vampire knights
  2 halazid warlocks (Desolation)
  2 black draconians
  A spectral titan (Crypt:3)
  Azrael (Elf:2)
  6 yellow draconians
  8 green draconians
  9 spark wasps
  A black draconian (shapeshifter) (Zig:27)
  3 red draconians
  4 purple draconians
  16 deep elf annihilators
  5 white draconians
  10 dire elephants
  10 eidola
  2 ettins (Vaults:5)
  14 merfolk impalers
  8 merfolk javelineers
  10 green deaths
  24 blizzard demons
  10 deep elf death magi
  33 mummy priests
  2 spectral quicksilver dragons (Crypt:3)
  A spectral golden dragon (Crypt:3)
  16 great orbs of eyes
  6 death oozes
  16 deep elf high priests
  16 yaktaur captains
  The ghost of Fistmachine the Cleaver, a journeyman HOFi of Beogh (D:10)
  14 jiangshi
  6 ragged hierophants (Desolation)
  5 rakshasas
  Josephine (D:13)
  24 vault guards (Vaults:5)
  33 hydras
  14 peacekeepers (Desolation)
  9 servants of whispers (Desolation)
  3 shambling mangroves
  14 ice dragons
  2 hell beasts
  A two-headed ogre (shapeshifter) (Vaults:5)
  17 naga warriors
  A juggernaut simulacrum (Zig:24)
  11 centaur warriors
  5 merfolk avatars
  A ghost crab (Zig:16)
  A quicksilver dragon skeleton (Crypt:1)
  The ghost of Viceroy the Hazy, a journeyman DsIE of Hepliaklqana (Orc:1)
  16 ogre magi
  2 alligator snapping turtles
  10 merfolk aquamancers
  A spectral fire giant (Crypt:3)
  2 satyrs
  3 death knights
  65 death scarabs
  An alligator snapping turtle (shapeshifter) (Vaults:1)
  15 anacondas
  Urug (D:13)
  3 catoblepae
  6 alligators
  56 two-headed ogres
  2 deep troll earth magi
  3 deep troll shamans (Vaults:3)
  9 death yaks
  4 spectral storm dragons (Crypt:3)
  18 naga sharpshooters
  4 titan zombies
  7 vampire magi
  8 thrashing horrors (Zig:23)
  34 orc high priests
  2 hell hogs
  21 shock serpents
  2 tengu warriors
  5 storm dragon zombies
  5 soul eaters
  A spriggan (Zig:17)
  A titan skeleton (Tomb:1)
  41 deep elf knights
  12 shadow wraiths
  A fire crab (Lair:6)
  3 wretched stars (Zig:23)
  A fire crab (shapeshifter) (Zig:16)
  An iron troll (shapeshifter) (Zig:27)
  5 sixfirhies
  3 storm dragon skeletons
  5 death drakes (Zig:17)
  27 skeletal warriors
  4 spatial maelstroms
  11 deep trolls
  3 glowing orange brains
  16 iron trolls
  A spectral catoblepas (Crypt:3)
  3 salamander mystics
  9 sea snakes
  4 unseen horrors
  A deep troll (shapeshifter) (Vaults:5)
  8 golden dragon zombies
  A quicksilver dragon simulacrum (Zig:24)
  A sea snake (shapeshifter) (Zig:27)
  6 spriggan druids
  A spark wasp zombie (Zig:7)
  2 cherubim (Zig:18)
  A gelid demonspawn (Zig:25)
  2 obsidian statues
  9 swamp dragons
  An unseen horror (shapeshifter) (Zig:11)
  A spectral hydra (Crypt:3)
  13 flayed ghosts
  2 spectral anacondas (Crypt:3)
  3 shadow dragon zombies
  13 naga ritualists
  2 tengu zombies
  4 shadow demons
  21 ironbrand convokers
  2 lindwurms
  20 orc knights
  An orange crystal statue (Zig:10)
  An iron dragon zombie (Zig:26)
  17 phantasmal warriors
  40 deep elf archers
  2 frost giant zombies
  A harpy (shapeshifter) (Vaults:5)
  An anaconda skeleton (Crypt:1)
  4 wizards
  2 orb spiders (shapeshifter)
  A wolf spider (shapeshifter) (Zig:27)
  21 mana vipers
  24 harpies
  14 orb spiders
  3 necromancers
  32 ugly things
  2 wolf spider zombies
  3 fire giant zombies
  3 sphinx zombies
  2 spectral ice dragons (Crypt:3)
  29 orc sorcerers
  4 stone giant zombies
  24 manticores
  16 wolf spiders
  10 shining eyes
  A spectral shock serpent (Crypt:3)
  A salamander (shapeshifter) (Vaults:5)
  105 deep elf magi
  9 salamanders
  A cyclops (shapeshifter) (Vaults:3)
  11 elephants
  11 fauns
  A moth of wrath (shapeshifter) (Vaults:5)
  41 oklob plants
  2 shadow dragon skeletons
  67 slime creatures
  11 cyclopes
  20 rust devils
  35 moths of wrath
  A sphinx skeleton (Zig:14)
  A worldbinder (Zig:23)
  A guardian serpent (shapeshifter) (Vaults:3)
  A stone giant skeleton (Vaults:3)
  12 water nymphs
  2 water nymphs (shapeshifter)
  A shock serpent zombie (Crypt:3)
  2 ice statues (Zig:10)
  22 guardian serpents
  A titan simulacrum (Crypt:3)
  3 smoke demons
  4 apocalypse crabs
  A dire elephant zombie (Crypt:1)
  12 merfolk sirens
  22 naga magi
  13 vault sentinels
  49 black mambas
  18 torpor snails
  A frost giant skeleton (Tomb:3)
  A fire giant skeleton (Tomb:2)
  4 eyes of devastation
  2 orange demons
  40 spiny frogs
  2 gargoyles (D:10)
  20 rime drakes
  A swamp worm zombie (Crypt:2)
  A pale draconian zombie (Crypt:2)
  A purple draconian zombie (Crypt:3)
  A red draconian zombie (Crypt:2)
  8 komodo dragons
  6 spriggan zombies
  11 hellions
  17 large abominations
  A shock serpent skeleton (Crypt:1)
  19 tormentors
  35 freezing wraiths
  2 efreet
  2 kobold demonologists
  29 yaktaurs
  A hellwing (Zig:23)
  53 guardian mummies
  2 red devils
  A yaktaur (shapeshifter) (Vaults:1)
  15 demonic crawlers
  32 ice devils
  4 ancient zymes (Zig:23)
  A meliai (Zig:12)
  A tengu conjurer (D:14)
  A hydra zombie (Crypt:1)
  2 golden dragon simulacra
  A tengu simulacrum (Zig:23)
  41 merfolk
  7 tyrant leeches
  5 wind drakes
  14 polar bears
  A queen bee (D:8)
  A hornet (shapeshifter) (Vaults:4)
  A polar bear (shapeshifter) (D:15)
  16 trolls
  62 saltlings (Desolation)
  28 hornets
  A wind drake (shapeshifter) (Zig:27)
  A meliai (shapeshifter) (Vaults:4)
  2 shadow dragon simulacra
  10 jumping spiders
  An ettin zombie (Zig:8)
  17 hippogriffs
  11 raiju
  An iron dragon simulacrum (Zig:23)
  2 spectral manticores (Crypt:3)
  15 snapping turtles
  9 bog bodies
  A sphinx simulacrum (Zig:23)
  9 blink frogs
  14 dream sheep
  A fire dragon zombie (Crypt:1)
  28 flying skulls
  A fire giant simulacrum (Crypt:3)
  A hippogriff (shapeshifter) (Zig:27)
  10 air elementals
  8 tarantellas
  A centaur simulacrum (D:13)
  4 starcursed masses (Zig:23)
  Sigmund (D:4)
  2 redbacks (shapeshifter)
  6 ynoxinuls
  2 alligator skeletons (Crypt:1)
  5 shadows
  29 redbacks
  A tarantella (shapeshifter) (Zig:16)
  An ice dragon skeleton (Zig:3)
  29 ushabtiu
  A vampire (D:13)
  10 fire elementals
  21 wraiths
  A basilisk (D:12)
  27 water elementals
  A black mamba skeleton (Crypt:3)
  50 yaks
  5 wyverns
  15 elf zombies
  2 hogs (shapeshifter)
  A yak (shapeshifter) (Vaults:4)
  16 humans (D:14)
  A neqoxec (Zig:23)
  2 spectral elves (Crypt:3)
  A golden eye (shapeshifter) (D:14)
  5 golden eyes
  A human (shapeshifter) (Vaults:4)
  2 hungry ghosts
  11 vampire mosquitoes
  4 elf simulacra
  10 chaos spawn
  A human simulacrum (Vaults:2)
  A spatial vortex (Zig:23)
  An insubstantial wisp (Zig:17)
  2 spectral spiny frogs (Crypt:3)
  54 nagas
  A torturous demonspawn zombie (Crypt:2)
  24 wargs
  2 soldier ants
  An acid dragon (Vaults:2)
  2 orb spider zombies
  A soldier ant (shapeshifter) (D:13)
  A swamp worm (shapeshifter) (Zig:6)
  25 hell hounds
  A floating eye (Zig:22)
  34 water moccasins
  5 tengu skeletons
  11 porcupines
  5 sky beasts
  3 human skeletons
  8 swamp drakes
  An ice dragon simulacrum (Crypt:3)
  A black bear (shapeshifter) (Vaults:4)
  115 orc warriors
  4 necrophages
  A fire dragon simulacrum (Tomb:3)
  2 human zombies
  An ettin simulacrum (Crypt:3)
  A spiny frog skeleton (Crypt:3)
  12 black bears
  13 ice beasts
  5 phantoms
  63 ogres
  13 eyes of draining
  10 boggarts
  A swamp dragon skeleton (Tomb:1)
  31 wolves
  25 centaurs
  An elephant skeleton (Crypt:1)
  A manticore skeleton (D:13)
  25 crocodiles
  9 elf skeletons
  A hippogriff zombie (D:6)
  Blork the orc (D:5)
  19 bullfrogs
  A big kobold (D:11)
  11 earth elementals
  2 gnoll sergeants
  3 wyvern zombies
  A hippogriff skeleton (D:13)
  A komodo dragon skeleton (Crypt:1)
  A glowing shapeshifter simulacrum (Zig:24)
  A yaktaur skeleton (D:13)
  4 scorpions
  A warg skeleton (Orc:2)
  A queen bee zombie (Crypt:3)
  A cyclops skeleton (Orc:2)
  27 killer bees
  2 troll skeletons
  13 wights
  A vampire bat (Lair:2)
  2 electric eels (D:13)
  3 howler monkeys
  5 crimson imps
  A wolf zombie (Crypt:2)
  A wolf skeleton (Crypt:2)
  3 bullfrog zombies
  3 centaur zombies
  2 quasits
  30 orc priests
  11 centaur skeletons
  2 hounds
  28 iron imps
  A hound (shapeshifter) (Zig:27)
  5 jellies
  31 orc wizards
  3 small abominations (Zig:23)
  5 bullfrog skeletons
  A kobold skeleton (D:7)
  6 iguanas
  14 worker ants
  4 lightning spires (Zig:24)
  3 killer bee zombies
  A sky beast zombie (Crypt:1)
  A hound zombie (D:10)
  An ogre skeleton (Orc:2)
  5 hound skeletons
  50 mummies
  Robin (D:2)
  A worker ant zombie (D:10)
  A howler monkey skeleton (D:7)
  16 adders
  6 gnolls
  5 orc skeletons
  5 shadow imps
  7 white imps (Zig:26)
  An iguana zombie (D:6)
  2 orc zombies
  5 adder skeletons
  An adder zombie (D:8)
  A worm (D:2)
  3 dart slugs
  A leopard gecko (shapeshifter) (Zig:27)
  6 leopard geckos
  125 orcs
  A bat skeleton (D:12)
  A giant cockroach (D:3)
  17 goblins
  13 hobgoblins
  15 jackals
  6 quokkas
  4 ball pythons
  A ball python skeleton (D:13)
  11 bats
  5 frilled lizards
  A gnoll skeleton (Crypt:3)
  A goblin skeleton (D:7)
  A goblin zombie (Crypt:1)
  2 hobgoblin skeletons
  9 kobolds
  A kobold zombie (D:11)
  A leopard gecko skeleton (D:5)
  A quokka skeleton (D:7)
  A quokka zombie (D:7)
  7 rats
  4 bushes (Elf:2)
  A fungus (Lair:5)
  2 pillars of salt (Vaults:4)
  64 plants
  6 starspawn tentacles
  3 tentacles (Shoals:4)
  3 withered plants (Crypt:3)
4613 creatures vanquished.

Vanquished Creatures (collateral kills)
  A deep elf sorcerer (Elf:3)
  3 eyes of draining (Zig:19)
  4 killer bees
8 creatures vanquished.

Vanquished Creatures (others)
  A pandemonium lord (Zig:27)
  A naga warrior (Snake:4)
  A hydra (Zig:16)
  A hell beast (Zig:25)
  55 dancing weapons
  A deep elf knight (Vaults:4)
  A lindwurm (Lair:6)
  A deep elf mage (Elf:1)
  A saltling (Desolation)
  A basilisk (Zig:15)
  2 nagas (Snake:4)
  A porcupine (shapeshifter) (Zig:27)
  A black bear (shapeshifter) (Zig:27)
  An orc warrior (Elf:1)
  An ogre (shapeshifter) (Vaults:2)
  An elf simulacrum (Zig:23)
  An orc priest (Elf:1)
  An orc wizard (Elf:1)
  A small abomination (Zig:23)
  6 orcs
  11 fungi
  A pillar of salt (Vaults:4)
  16 plants
  2 starspawn tentacles (Zig:23)
  11 tentacles (Shoals:4)
  25 withered plants (Crypt:3)
146 creatures vanquished.

Grand Total: 4767 creatures vanquished

Notes
Turn   | Place    | Note
-------+----------+-------------------------------------------
     0 | D:1      | DildoBatman the Formicid Wizard began the quest for the
                  | Orb.
     0 | D:1      | Reached XP level 1. HP: 13/13 MP: 4/4
    11 | D:1      | Reached skill level 1 in Conjurations
   230 | D:1      | Reached XP level 2. HP: 10/19 MP: 0/6
   477 | D:1      | Reached XP level 3. HP: 18/24 MP: 3/7
   509 | D:1      | Learned a level 3 spell: Conjure Flame
   513 | D:1      | Learned a level 3 spell: Mephitic Cloud
   872 | D:2      | Found a shattered altar of Ashenzari.
   989 | D:2      | Reached XP level 4. HP: 24/30 MP: 1/8
  1477 | D:3      | Found a hazy altar of Hepliaklqana.
  1649 | D:3      | Noticed Robin
  1727 | D:3      | Reached XP level 5. HP: 29/35 MP: 9/9
  2327 | D:4      | Noticed a phantom
  2352 | D:4      | Found a staircase to the Ecumenical Temple.
  2360 | Temple   | Entered the Ecumenical Temple
  2427 | Temple   | Became a worshipper of Kikubaaqudgha
  2564 | D:4      | Reached skill level 5 in Conjurations
  2564 | D:4      | Reached XP level 6. HP: 33/41 MP: 10/10
  2755 | D:4      | Noticed a phantom
  2782 | D:4      | Killed a phantom
  2782 | D:4      | Reached XP level 7. HP: 32/46 MP: 11/11
  2911 | D:4      | Found an ornate altar of the Wu Jian Council.
  2987 | D:4      | Found the +3 sling "Punk" {acid, rCorr}
  3138 | D:4      | Noticed Sigmund
  3142 | D:4      | Killed Sigmund
  3142 | D:4      | Reached skill level 1 in Air Magic
  3349 | D:2      | Killed Robin
  3367 | D:5      | Entered Level 5 of the Dungeon
  3475 | D:5      | Found a blossoming altar of Fedhas.
  3507 | D:5      | Reached XP level 8. HP: 52/52 MP: 12/12
  3614 | D:5      | Reached * piety under Kikubaaqudgha
  3614 | D:5      | Identified Kikubaaqudgha's Papyrus of Black Arts
                  | (Kikubaaqudgha gifted it to you on level 5 of the Dungeon)
  3614 | D:5      | Received a gift from Kikubaaqudgha
  3642 | D:5      | Noticed Blork the orc
  3648 | D:5      | Killed Blork the orc
  3735 | D:5      | Found Benoj's General Store.
  3773 | D:5      | Bought a scroll of identify for 26 gold pieces
  3773 | D:5      | Bought a scroll of identify for 26 gold pieces
  3778 | D:5      | Found a stormy altar of Qazlal.
  3943 | D:6      | Reached skill level 5 in Fire Magic
  3977 | D:6      | Found a basalt altar of Yredelemnul.
  4099 | D:6      | Found a sparkling altar of Nemelex Xobeh.
  4099 | D:6      | Found a snail-covered altar of Cheibriados.
  4100 | D:6      | Found a shimmering blue altar of Sif Muna.
  4152 | D:6      | Reached XP level 9. HP: 17/57 MP: 13/13
  4172 | D:6      | Reached skill level 5 in Air Magic
  4176 | D:6      | Learned a level 2 spell: Sublimation of Blood
  4180 | D:6      | Learned a level 3 spell: Regeneration
  4368 | D:6      | Found a basalt altar of Yredelemnul.
  4461 | D:6      | Found a burning altar of Makhleb.
  4465 | D:6      | Reached skill level 1 in Charms
  4465 | D:6      | Reached skill level 1 in Necromancy
  4631 | D:7      | Reached ** piety under Kikubaaqudgha
  5256 | D:8      | Found a staircase to the Lair.
  5289 | D:8      | Noticed a hippogriff
  5293 | D:8      | Killed a hippogriff
  5311 | D:8      | Reached skill level 5 in Necromancy
  5324 | D:8      | Reached XP level 10. HP: 63/63 MP: 6/14
  5551 | D:8      | Reached *** piety under Kikubaaqudgha
  5551 | D:8      | Identified Kikubaaqudgha's Handbook of Dark Arts
                  | (Kikubaaqudgha gifted it to you on level 8 of the Dungeon)
  5551 | D:8      | Received a gift from Kikubaaqudgha
  5574 | D:8      | HP: 3/63 [poisoned by a killer bee]
  6169 | D:8      | Noticed a two-headed ogre
  6193 | D:8      | Killed a two-headed ogre
  6259 | D:8      | Learned a level 5 spell: Dispel Undead
  6653 | D:9      | Found a white marble altar of Elyvilon.
  6671 | D:9      | Found Weciasmo's Jewellery Emporium.
  6772 | D:9      | Reached skill level 5 in Spellcasting
  6855 | D:9      | Found Bateth's Book Boutique.
  7157 | D:9      | Reached XP level 11. HP: 68/68 MP: 19/19
  7192 | D:9      | Found Vath's Weapon Shop.
  7321 | D:10     | Entered Level 10 of the Dungeon
  7336 | D:10     | Reached skill level 1 in Shields
  7448 | D:10     | Reached **** piety under Kikubaaqudgha
  7483 | D:10     | Reached skill level 5 in Shields
  7603 | D:10     | You fall into a shaft and drop 2 floors!
  7906 | D:11     | Reached skill level 1 in Fighting
  7906 | D:11     | Reached skill level 1 in Armour
  7926 | D:11     | Reached ***** piety under Kikubaaqudgha
  8038 | D:11     | Found a staircase to the Orcish Mines.
  8055 | D:11     | Reached XP level 12. HP: 78/78 MP: 22/22
  8199 | D:11     | Learned a level 5 spell: Bolt of Draining
  8291 | Orc:1    | Entered Level 1 of the Orcish Mines
  8594 | Orc:1    | Noticed a two-headed ogre
  8598 | Orc:1    | Found a transporter.
  8599 | Orc:1    | Noticed a two-headed ogre
  8599 | Orc:1    | Noticed a two-headed ogre
  8601 | Orc:1    | Noticed Viceroy's ghost (journeyman DsIE)
  8601 | Orc:1    | Noticed a two-headed ogre
  8641 | Orc:1    | Found a transporter.
  8755 | Orc:2    | Entered Level 2 of the Orcish Mines
  8893 | Orc:2    | Found a roughly hewn altar of Beogh.
  8946 | Orc:2    | Found a staircase to the Elven Halls.
  9077 | Orc:1    | Reached skill level 5 in Fighting
  9079 | Orc:1    | Reached skill level 5 in Armour
  9086 | Orc:1    | Found Juseklisu's Jewellery Shop.
  9252 | Orc:2    | Noticed a centaur warrior
  9261 | Orc:2    | Killed a centaur warrior
  9282 | Orc:2    | Reached skill level 5 in Dodging
  9559 | Orc:2    | Reached XP level 13. HP: 94/94 MP: 13/23
  9935 | Orc:2    | Noticed an orc warlord
  9997 | Orc:2    | Reached ****** piety under Kikubaaqudgha
  9998 | Orc:2    | Killed an orc warlord
 10016 | Orc:2    | Received a gift from Kikubaaqudgha
 10017 | Orc:2    | Fell from the grace of Kikubaaqudgha
 10356 | Orc:2    | Found Ischust's Assorted Antiques.
 10356 | Orc:2    | Found Opseon's Antique Weapon Shoppe.
 10358 | Orc:2    | Found Gillis's Gadget Emporium.
 10360 | Orc:2    | Found Gachaeh's Jewellery Boutique.
 10364 | Orc:2    | Bought a scroll of identify for 52 gold pieces
 10364 | Orc:2    | Bought a scroll of identify for 52 gold pieces
 11311 | D:12     | Noticed a reaper
 11351 | D:13     | Noticed Josephine
 11357 | D:13     | Killed Josephine
 11570 | D:13     | Noticed Urug
 12087 | Temple   | Became a worshipper of Gozag Ym Sagoz the Greedy
 12355 | D:10     | Found a runed translucent gate.
 12355 | D:10     | Noticed Fistmachine's ghost (journeyman HOFi)
 12356 | D:10     | Found a runed translucent gate.
 12357 | D:10     | Found a runed translucent gate.
 12562 | D:10     | Found a roughly hewn altar of Beogh.
 12760 | D:10     | Found a portal to a secret trove of treasure.
 12857 | D:10     | Found the +0 mask of the Dragon {MR+ Slay+3 SInv}
 13215 | D:12     | Noticed a centaur warrior
 13227 | D:12     | Killed a centaur warrior
 13289 | D:13     | Killed Urug
 13316 | D:13     | Noticed a centaur warrior
 13325 | D:13     | Killed a centaur warrior
 13325 | D:13     | Reached XP level 14. HP: 106/106 MP: 16/24
 13503 | D:13     | Reached skill level 10 in Fighting
 13503 | D:13     | Reached skill level 10 in Armour
 14592 | D:14     | Found a gate to the Vaults.
 14592 | D:14     | Noticed Nessos
 14739 | D:14     | Noticed a reaper
 14740 | D:14     | HP: 4/110 [reaper/+2 scythe of venom[the malice of
                  | Kikubaaqudgha] (38)]
 14858 | D:14     | Killed Nessos
 14858 | D:14     | Reached skill level 10 in Spellcasting
 15321 | D:14     | Reached skill level 10 in Shields
 15369 | D:14     | Was forgiven by Kikubaaqudgha
 16302 | D:10     | Killed Fistmachine's ghost
 16464 | D:9      | Bought a book of Unlife for 975 gold pieces
 16470 | D:9      | Learned a level 5 spell: Borgnjor's Vile Clutch
 16575 | Orc:1    | Killed Viceroy's ghost
 16575 | Orc:1    | Reached skill level 1 in Earth Magic
 16643 | Orc:1    | Reached XP level 15. HP: 103/115 MP: 14/29
 16792 | D:15     | Entered Level 15 of the Dungeon
 17199 | D:14     | Reached skill level 5 in Earth Magic
 17252 | D:15     | Identified the +9 morningstar "Teppuuj" {freeze, rF+ rC+}
 17407 | D:15     | Found a staircase to the Depths.
 18190 | D:15     | Identified 2 scrolls of acquirement
 18193 | D:15     | Gained mutation: Your magical capacity is low. (-10% MP)
                  | [potion of mutation]
 18193 | D:15     | Gained mutation: You possess an exceptional clarity of
                  | mind. [potion of mutation]
 18193 | D:15     | Gained mutation: Your mind is acute. (Int +2) [potion of
                  | mutation]
 18194 | D:15     | Lost mutation: Your mind is acute. (Int +2) [potion of
                  | mutation]
 18194 | D:15     | Lost mutation: Your magical capacity is low. (-10% MP)
                  | [potion of mutation]
 18194 | D:15     | Lost mutation: You possess an exceptional clarity of mind.
                  | [potion of mutation]
 18194 | D:15     | Gained mutation: Your spells are a little harder to cast,
                  | but a little more powerful. [potion of mutation]
 18194 | D:15     | Gained mutation: You are agile. (Dex +2) [potion of
                  | mutation]
 18320 | Lair:1   | Entered Level 1 of the Lair of Beasts
 20112 | Lair:3   | Found a staircase to the Snake Pit.
 20963 | Lair:4   | Found a staircase to the Shoals.
 21037 | Lair:4   | Got an ancient leather armour
 21095 | Lair:4   | Identified the +3 leather armour of the Wild Haggis {rPois
                  | MR- Slay+5 SInv} (You found it on level 4 of the Lair of
                  | Beasts)
 21482 | Lair:4   | Reached XP level 16. HP: 94/122 MP: 2/30
 22183 | Lair:5   | Reached skill level 15 in Shields
 22206 | Lair:5   | Found a staircase to the Slime Pits.
 22213 | Lair:5   | Found a viscous altar of Jiyva.
 22806 | Lair:6   | Entered Level 6 of the Lair of Beasts
 23659 | Lair:6   | Found a runed translucent door.
 24939 | Shoals:1 | Entered Level 1 of the Shoals
 25234 | D:9      | Bought the ring "Codgholuo" {rElec rN+ EV+6 Stlth+} for
                  | 1287 gold pieces
 25237 | D:9      | Bought the amulet of Vitality {Regen+ HP+15} for 1027 gold
                  | pieces
 25237 | D:9      | Found the amulet of Vitality {Regen+ HP+15}
 25240 | D:9      | Bought a +5 ring of evasion for 715 gold pieces
 25240 | D:9      | Bought a +6 ring of intelligence for 760 gold pieces
 25470 | Shoals:1 | Reached XP level 17. HP: 128/128 MP: 14/34
 26270 | Shoals:2 | Reached skill level 15 in Spellcasting
 27640 | Shoals:3 | Reached skill level 10 in Earth Magic
 27782 | Shoals:4 | Entered Level 4 of the Shoals
 27782 | Shoals:4 | Noticed Polyphemus
 28029 | Shoals:3 | Killed Polyphemus
 28099 | Shoals:4 | Reached XP level 18. HP: 131/134 MP: 33/38
 28780 | Shoals:4 | Noticed a kraken
 28796 | Shoals:4 | Killed a kraken
 28865 | Shoals:4 | Identified the +7 long sword of Oozing Pus {freeze, Dex+3}
 29151 | Shoals:4 | Got a barnacled rune of Zot
 29451 | Snake:1  | Entered Level 1 of the Snake Pit
 29514 | Snake:1  | Reached skill level 15 in Earth Magic
 29514 | Snake:1  | Noticed Louise
 29589 | Snake:1  | Killed Louise
 29814 | Snake:1  | You fall into a shaft and drop 1 floor!
 29873 | Snake:2  | Found Zaturank's Gadget Shoppe.
 29881 | Snake:2  | Bought a wand of clouds (5) for 486 gold pieces
 29881 | Snake:2  | Bought a wand of iceblast (8) for 216 gold pieces
 29938 | Snake:2  | Identified the +7 chain mail of the Vaults {rC- Regen+
                  | Dex+3}
 30077 | Snake:2  | Got a bound ivory ring
 30079 | Snake:2  | Identified the ring of Xom's Capriciousness {rC+ MR+} (You
                  | found it on level 2 of the Snake Pit)
 30240 | Snake:2  | Reached XP level 19. HP: 140/140 MP: 33/39
 30584 | Snake:3  | Found Luppi's Food Emporium.
 30592 | Snake:3  | Noticed Donald
 30600 | Snake:3  | Killed Donald
 30610 | Snake:3  | Found Ubuineot's Book Shoppe.
 31581 | Snake:4  | Entered Level 4 of the Snake Pit
 31654 | Snake:4  | Reached skill level 10 in Necromancy
 31936 | Snake:4  | Noticed Vashnia
 31944 | Snake:4  | Killed Vashnia
 31968 | Snake:4  | Reached XP level 20. HP: 88/147 MP: 4/40
 32141 | Snake:4  | Got a serpentine rune of Zot
 32725 | Snake:3  | Bought a book of the Tempests for 1260 gold pieces
 32954 | Vaults:1 | Entered Level 1 of the Vaults
 33197 | Vaults:1 | Reached skill level 15 in Necromancy
 33507 | Vaults:1 | Identified the Papyrus of Distant Shores
 33517 | Vaults:1 | Learned a level 3 spell: Ozocubu's Armour
 33569 | Vaults:1 | Learned a level 9 spell: Shatter
 34165 | Vaults:2 | You fall into a shaft and drop 2 floors!
 34214 | Vaults:4 | Reached XP level 21. HP: 153/153 MP: 11/41
 34302 | Vaults:4 | Found a ruined gateway.
 34334 | Desolati | Entered the Desolation of Salt
 34678 | Desolati | Reached skill level 1 in Ice Magic
 34748 | Desolati | Identified the +11 hunting sling of Ponymacu {freeze,
                  | Dex+2}
 34748 | Desolati | Identified the ring "Epoppe" {rCorr Int+3 Dex+6}
 34749 | Desolati | Reached skill level 5 in Charms
 35027 | Desolati | Got a vibrating lead ring
 35040 | Desolati | Identified the Volume of the Traveller
 35055 | Desolati | Identified the Almanac of Venom and the Rocks
 35192 | Desolati | Identified the Reference Book on Creative Unholy Arts
 35201 | Desolati | Got a glittering golden ring
 35203 | Desolati | Got a bound bone ring
 35413 | Desolati | Got a bloodstained war axe
 35446 | Vaults:4 | Identified the +8 war axe of the Four Hells {chop, rElec
                  | Str+4 Int-4 Dex+10} (You found it in the Desolation of
                  | Salt)
 35449 | Vaults:4 | Identified the ring of Kupniomuas {+Blink Int-3 Dex+3 SInv}
                  | (You found it in the Desolation of Salt)
 35464 | Vaults:4 | Identified the ring "Okkeniqeps" {-Tele rF- MP+9 Dex+4
                  | SInv} (You found it in the Desolation of Salt)
 35465 | Vaults:4 | Identified the ring of Divine Intervention {rF+++ rN+ MR+
                  | Int-2 SInv} (You found it in the Desolation of Salt)
 35641 | Vaults:4 | Reached skill level 5 in Ice Magic
 35838 | Vaults:4 | Found a runed translucent gate.
 35838 | Vaults:4 | Found a runed translucent gate.
 35838 | Vaults:4 | Found a runed translucent gate.
 35839 | Vaults:4 | Noticed Moagi's ghost (adept GnSk)
 35841 | Vaults:4 | Found an iron altar of Okawaru.
 35851 | Vaults:4 | Reached XP level 22. HP: 111/159 MP: 22/42
 35863 | Vaults:4 | Killed Moagi's ghost
 35923 | Vaults:4 | Got a pitted leather armour
 35938 | Vaults:4 | Identified the +4 leather armour "Toxti" {rN+} (You found
                  | it on level 4 of the Vaults)
 36632 | Vaults:4 | Learned a level 8 spell: Necromutation
 36760 | Vaults:3 | Reached skill level 1 in Transmutations
 36974 | Vaults:3 | Reached skill level 5 in Transmutations
 37615 | Vaults:3 | Reached skill level 10 in Transmutations
 37615 | Vaults:3 | Reached XP level 23. HP: 146/165 MP: 40/43
 37640 | Vaults:3 | Found Sodev's Magic Scroll Shop.
 37650 | Vaults:3 | Bought a scroll of enchant armour for 120 gold pieces
 37650 | Vaults:3 | Bought a scroll of fog for 32 gold pieces
 37650 | Vaults:3 | Bought a scroll of identify for 32 gold pieces
 37650 | Vaults:3 | Bought a scroll of amnesia for 56 gold pieces
 37795 | Vaults:3 | Found Enyitt's Jewellery Shoppe.
 38520 | Vaults:2 | Noticed Asterion
 38529 | Vaults:2 | Killed Asterion
 38812 | Vaults:2 | Found a staircase to the Crypt.
 39728 | Elf:1    | Entered Level 1 of the Elven Halls
 39903 | Elf:1    | Found a runed translucent gate.
 39903 | Elf:1    | Found a runed translucent gate.
 39903 | Elf:1    | Found a runed translucent gate.
 39903 | Elf:1    | Found a runed translucent gate.
 39903 | Elf:1    | Found a runed translucent gate.
 39905 | Elf:1    | Found a runed translucent gate.
 40241 | Elf:1    | Reached skill level 15 in Transmutations
 41068 | Elf:2    | Found a runed translucent gate.
 41068 | Elf:2    | Found a runed translucent gate.
 41070 | Elf:2    | Reached XP level 24. HP: 172/172 MP: 38/43
 41078 | Elf:2    | Found a runed translucent gate.
 41235 | Elf:2    | Noticed Saint Roka
 41246 | Elf:2    | Killed Saint Roka
 41862 | Elf:2    | Noticed Azrael
 41874 | Elf:2    | Killed Azrael
 42176 | Elf:3    | Entered Level 3 of the Elven Halls
 43242 | Elf:3    | Identified the +4 rapier of Gatyag {chaos, Int+2}
 43301 | Elf:3    | Identified the +10 flail of Wondrous Power {vamp, +Blink
                  | rF++}
 43303 | Elf:3    | Identified the +6 quarterstaff of Grontol {flame, rC+ Str+4
                  | Int+4}
 43312 | Elf:3    | Reached XP level 25. HP: 177/177 MP: 32/43
 43380 | Elf:3    | Identified the Disquisition on Weightlessness and the
                  | Compass
 43423 | Elf:3    | Got a clouded bone ring
 43444 | Elf:3    | Identified the Volume of Earthen Talismans
 43570 | Elf:3    | Got a pair of ancient gloves
 43581 | Elf:3    | Identified the +2 pair of gloves of the Spheres {+Inv
                  | Str+2} (You found it on level 3 of the Elven Halls)
 43608 | Elf:3    | Identified the ring of Miryt {rC+ Str-4 Int+5} (You found
                  | it on level 3 of the Elven Halls)
 43632 | Elf:3    | Got a polished short sword
 43661 | Elf:3    | Identified the cursed +0 short sword "Xufo" {freeze, rElec
                  | Int+2} (You found it on level 3 of the Elven Halls)
 43991 | D:5      | Bought a potion of might for 52 gold pieces
 43991 | D:5      | Bought a scroll of acquirement for 676 gold pieces
 44158 | Orc:2    | Bought a wand of iceblast (4) for 136 gold pieces
 44158 | Orc:2    | Bought a wand of acid (9) for 442 gold pieces
 44273 | D:9      | Bought a book of Summonings for 1050 gold pieces
 44279 | D:9      | Learned a level 5 spell: Aura of Abjuration
 44490 | Crypt:1  | Entered Level 1 of the Crypt
 44621 | Crypt:1  | Got a scintillating bronze amulet
 44623 | Crypt:1  | Identified the amulet of Pofeitig {RegenMP rElec rC- MR+
                  | Str+4} (You found it on level 1 of the Crypt)
 45314 | Crypt:1  | Reached skill level 5 in Summonings
 45513 | Crypt:2  | Noticed Xtahua
 45527 | Crypt:1  | Killed Xtahua
 46240 | Crypt:3  | Entered Level 3 of the Crypt
 46542 | Crypt:3  | Reached XP level 26. HP: 184/184 MP: 5/43
 47496 | Crypt:3  | Found a staircase to the Tomb.
 47845 | Crypt:3  | Noticed Mennas
 47853 | Crypt:3  | Killed Mennas
 47885 | Crypt:3  | Got a slimy ring mail
 47896 | Crypt:3  | Identified the +0 ring mail of Resilience {-Cast rElec
                  | Str+8 Stlth+} (You found it on level 3 of the Crypt)
 48090 | Tomb:1   | Entered Level 1 of the Tomb of the Ancients
 48325 | Tomb:1   | Noticed Frederick
 48334 | Tomb:1   | Killed Frederick
 48386 | Tomb:1   | Got a scorched great sword
 48387 | Tomb:1   | Identified the +5 great sword "Xosuxato" {flame, rPois
                  | Dex+4} (You found it on level 1 of the Tomb of the
                  | Ancients)
 48615 | Tomb:1   | Noticed a greater mummy
 48626 | Tomb:1   | Noticed a greater mummy
 48629 | Tomb:1   | Killed a greater mummy
 48640 | Tomb:1   | Killed a greater mummy
 49266 | Tomb:1   | Noticed a greater mummy
 49271 | Tomb:1   | Noticed a greater mummy
 49271 | Tomb:1   | Noticed a greater mummy
 49271 | Tomb:1   | Noticed a greater mummy
 49273 | Tomb:1   | Noticed a greater mummy
 49276 | Tomb:1   | Killed a greater mummy
 49276 | Tomb:1   | Killed a greater mummy
 49276 | Tomb:1   | Killed a greater mummy
 49276 | Tomb:1   | Reached XP level 27. HP: 129/190 MP: 6/43
 49276 | Tomb:1   | Killed a greater mummy
 49276 | Tomb:1   | Killed a greater mummy
 49278 | Tomb:1   | Noticed a greater mummy
 49289 | Tomb:1   | Noticed a greater mummy
 49350 | Tomb:1   | Noticed a greater mummy
 49352 | Tomb:1   | Noticed a greater mummy
 49356 | Tomb:1   | Killed a greater mummy
 49370 | Crypt:3  | Killed a greater mummy
 49423 | Tomb:1   | Noticed a greater mummy
 49429 | Tomb:1   | Noticed a greater mummy
 49432 | Tomb:1   | Killed a greater mummy
 49435 | Tomb:1   | Killed a greater mummy
 49438 | Tomb:1   | Killed a greater mummy
 49438 | Tomb:1   | Noticed a greater mummy
 49450 | Tomb:1   | Killed a greater mummy
 49451 | Tomb:1   | Killed a greater mummy
 49454 | Tomb:1   | Noticed a greater mummy
 49555 | Tomb:1   | Killed a greater mummy
 49719 | Tomb:1   | Noticed a greater mummy
 49722 | Tomb:1   | Got a faintly glowing plate armour
 49733 | Tomb:1   | Identified the +2 plate armour "Emuxaesk" {rPois rF+++ MR+}
                  | (You found it on level 1 of the Tomb of the Ancients)
 49748 | Tomb:1   | Noticed a greater mummy
 49757 | Tomb:1   | Noticed a greater mummy
 49759 | Tomb:1   | Killed a greater mummy
 49759 | Tomb:1   | Killed a greater mummy
 49759 | Tomb:1   | Noticed a greater mummy
 49764 | Tomb:1   | Noticed a greater mummy
 49765 | Tomb:1   | Killed a greater mummy
 49766 | Tomb:1   | Noticed a greater mummy
 49766 | Tomb:1   | Noticed a greater mummy
 49767 | Tomb:1   | Killed a greater mummy
 49771 | Tomb:1   | Killed a greater mummy
 49783 | Tomb:1   | Killed a greater mummy
 49785 | Tomb:1   | Killed a greater mummy
 50453 | Vaults:5 | Entered Level 5 of the Vaults
 50454 | Vaults:5 | Reached skill level 27 in Earth Magic
 50468 | Vaults:4 | Learned a level 9 spell: Tornado
 50475 | Vaults:4 | Learned a level 6 spell: Darkness
 50491 | Vaults:5 | Reached skill level 10 in Fire Magic
 50580 | Vaults:5 | Identified the +7 rapier "Son Gih" {pierce, +Inv rElec rN++
                  | Str-3}
 50664 | Vaults:5 | Noticed Boris
 50764 | Vaults:5 | Killed Boris
 50882 | Vaults:5 | Noticed an ancient lich
 50892 | Vaults:5 | Killed an ancient lich
 50903 | Vaults:5 | Reached skill level 10 in Air Magic
 51029 | Vaults:5 | Got a silver rune of Zot
 51311 | Vaults:5 | Identified Wuhyboom's Handbook of Frigorific Hexes
 51641 | Vaults:5 | Got a transparent spear
 51914 | Vaults:5 | Got a pitted hunting sling
 51916 | Vaults:5 | Got a faintly humming plate armour
 52122 | Vaults:5 | Got a transparent hunting sling
 52124 | Vaults:5 | Identified the +7 hunting sling of Taasmuss {flame, rElec
                  | Str+3 Int+5 Dex-3} (You found it on level 5 of the Vaults)
 52126 | Vaults:5 | Identified the cursed +1 spear "Buom" {pierce, Dex+3 SInv}
                  | (You found it on level 5 of the Vaults)
 52137 | Vaults:5 | Identified the +4 plate armour of Slovenliness {rPois
                  | Regen+ rCorr Str-2} (You found it on level 5 of the Vaults)
 52149 | Vaults:5 | Identified the +3 hunting sling of Dividends {venom, rPois
                  | rF- Int+3} (You found it on level 5 of the Vaults)
 52734 | Tomb:2   | Noticed a greater mummy
 52735 | Tomb:2   | Noticed an ancient lich
 52735 | Tomb:2   | Noticed a greater mummy
 52736 | Tomb:2   | Noticed a greater mummy
 52738 | Tomb:2   | Killed an ancient lich
 52739 | Tomb:2   | Killed a greater mummy
 52749 | Tomb:2   | Killed a greater mummy
 52774 | Tomb:2   | Killed a greater mummy
 53170 | Tomb:2   | Got a fine chain mail
 53181 | Tomb:2   | Identified the +5 chain mail of the Sun {Dex+4} (You found
                  | it on level 2 of the Tomb of the Ancients)
 53288 | Tomb:3   | Entered Level 3 of the Tomb of the Ancients
 53308 | Tomb:3   | Noticed a greater mummy
 53308 | Tomb:3   | Noticed a greater mummy
 53309 | Tomb:3   | Noticed Boris
 53312 | Tomb:3   | Noticed a greater mummy
 53320 | Tomb:3   | Killed Boris
 53325 | Tomb:3   | Killed a greater mummy
 53329 | Tomb:3   | Noticed a greater mummy
 53335 | Tomb:3   | Killed a greater mummy
 53337 | Tomb:3   | Killed a greater mummy
 53341 | Tomb:3   | Reached skill level 15 in Air Magic
 53344 | Tomb:3   | Noticed a greater mummy
 53347 | Tomb:3   | Killed a greater mummy
 53351 | Tomb:3   | Noticed a greater mummy
 53351 | Tomb:3   | Noticed a greater mummy
 53353 | Tomb:3   | Noticed a greater mummy
 53364 | Tomb:3   | Killed a greater mummy
 53366 | Tomb:3   | Killed a greater mummy
 53366 | Tomb:3   | Killed a greater mummy
 53377 | Tomb:3   | Killed a greater mummy
 53657 | Tomb:3   | Got an ancient wooden ring
 53756 | Tomb:3   | Got a golden rune of Zot
 53808 | Tomb:3   | Found the amulet of the Four Winds {rN+ MR+++ Clar}
 53901 | Tomb:3   | Got a clouded bronze ring
 53960 | Tomb:3   | Got an encrusted longbow
 53961 | Tomb:3   | Identified the +4 longbow of Propriety {speed, Str+2} (You
                  | found it on level 3 of the Tomb of the Ancients)
 54007 | Tomb:3   | Identified the ring "Fuklidieg" {rC++ Str+3 Dex-2} (You
                  | found it on level 3 of the Tomb of the Ancients)
 54009 | Tomb:3   | Identified the ring of Yesterday {rElec rPois rN+ Str+4
                  | Int+3} (You found it on level 3 of the Tomb of the
                  | Ancients)
 54068 | Tomb:3   | Got a scorched large shield
 54079 | Tomb:3   | Identified the +1 large shield of Eternity {rN+ Dex+4} (You
                  | acquired it on level 3 of the Tomb of the Ancients)
 54092 | Tomb:3   | Got a pair of encrusted gloves
 54103 | Tomb:3   | Identified the +0 pair of gloves "Igaggepn" {Int+3} (You
                  | acquired it on level 3 of the Tomb of the Ancients)
 54116 | Tomb:3   | Got a pair of warped boots
 54127 | Tomb:3   | Identified the +3 pair of boots of the Pink Corner {rF-
                  | Regen+ Dex+7 Stlth+} (You acquired it on level 3 of the
                  | Tomb of the Ancients)
 54141 | Tomb:3   | Bought a scroll of identify for 66 gold pieces
 54141 | Tomb:3   | Bought 2 potions of brilliance for 264 gold pieces
 54151 | Tomb:3   | Bought a glowing cloak for 285 gold pieces
 54184 | Tomb:3   | Lost mutation: Your spells are a little harder to cast, but
                  | a little more powerful. [potion of mutation]
 54184 | Tomb:3   | Lost mutation: You are agile. (Dex +2) [potion of mutation]
 54184 | Tomb:3   | Gained mutation: You are resistant to electric shocks.
                  | (rElec) [potion of mutation]
 54184 | Tomb:3   | Gained mutation: You passively map a small area around you.
                  | [potion of mutation]
 54185 | Tomb:3   | Gained mutation: You have sharp toenails. [potion of
                  | mutation]
 54185 | Tomb:3   | Gained mutation: You are resistant to hostile enchantments.
                  | (MR+) [potion of mutation]
 54185 | Tomb:3   | Gained mutation: You are robust. (+10% HP) [potion of
                  | mutation]
 54190 | Zig:1    | Entered Level 1 of a ziggurat
 54212 | Zig:2    | Entered Level 2 of a ziggurat
 54292 | Zig:3    | Entered Level 3 of a ziggurat
 54333 | Zig:4    | Entered Level 4 of a ziggurat
 54354 | Zig:4    | Identified the Disquisition on Confrontation
 54392 | Zig:5    | Entered Level 5 of a ziggurat
 54508 | Zig:6    | Entered Level 6 of a ziggurat
 54545 | Zig:6    | Identified the Collected Works on Destructive Boosts
 54592 | Zig:7    | Entered Level 7 of a ziggurat
 54765 | Zig:8    | Entered Level 8 of a ziggurat
 54775 | Zig:8    | Found the +3 giant club "Skullcrusher" {speed, Str+7}
 54831 | Zig:8    | Identified Sif Muna's Volume of the Enthralling Mountains
 54882 | Zig:9    | Entered Level 9 of a ziggurat
 54892 | Zig:9    | Noticed a juggernaut
 54892 | Zig:9    | Noticed a juggernaut
 54901 | Zig:9    | Killed a juggernaut
 54901 | Zig:9    | Killed a juggernaut
 54914 | Zig:9    | Got a fine wooden ring
 54926 | Zig:9    | Identified Azazupt's Disquisition on Creative Talismans
 54990 | Zig:10   | Entered Level 10 of a ziggurat
 55065 | Zig:11   | Entered Level 11 of a ziggurat
 55138 | Zig:11   | Got a pitted zirconium amulet
 55177 | Zig:11   | Identified the ring "Datytz Vusots" {*Corrode rN++ Str+4
                  | Slay+2 Stlth+} (You found it on level 9 of a ziggurat)
 55181 | Zig:11   | Identified the amulet of Qunley Kerol {Spirit rElec MR+}
                  | (You found it on level 11 of a ziggurat)
 55190 | Zig:12   | Entered Level 12 of a ziggurat
 55251 | Zig:12   | Identified the Incunabulum of the Earthen Voyage
 55325 | Zig:13   | Entered Level 13 of a ziggurat
 55352 | Zig:13   | Found the +10 large shield of Ignorance {rN+ Int-4}
 55354 | Zig:13   | Found the +6 lightning scales {run, rElec}
 55408 | Zig:13   | Got a shimmering copper ring
 55445 | Zig:14   | Entered Level 14 of a ziggurat
 55454 | Zig:14   | Noticed a Killer Klown
 55458 | Zig:14   | Noticed Deddyis the pandemonium lord
 55468 | Zig:14   | Noticed Fod Ylir the pandemonium lord
 55469 | Zig:14   | Noticed Jawk the pandemonium lord
 55471 | Zig:14   | Noticed Xushed the pandemonium lord
 55476 | Zig:14   | Noticed Guwneng the pandemonium lord
 55479 | Zig:14   | Killed Fod Ylir the pandemonium lord
 55481 | Zig:14   | Killed a Killer Klown
 55481 | Zig:14   | Killed Xushed the pandemonium lord
 55499 | Zig:14   | Killed Jawk the pandemonium lord
 55500 | Zig:14   | Killed Guwneng the pandemonium lord
 55506 | Zig:14   | Killed Deddyis the pandemonium lord
 55582 | Zig:14   | Found the ring of Phasing {EV+8}
 55603 | Zig:14   | Got a flickering ivory ring
 55633 | Zig:14   | Identified the ring "Lakhor Retaa" {+Fly rElec rPois MP-9
                  | SInv} (You found it on level 13 of a ziggurat)
 55635 | Zig:14   | Identified the ring of Lucidity {rC+ rCorr Str+4} (You
                  | found it on level 14 of a ziggurat)
 55657 | Zig:15   | Entered Level 15 of a ziggurat
 55764 | Zig:15   | Got a smoking copper amulet
 55798 | Zig:15   | Reached skill level 10 in Hexes
 55819 | Zig:15   | Identified the amulet "Jephobb" {+Rage MP-9 Int+4 Slay+3}
                  | (You found it on level 15 of a ziggurat)
 55823 | Zig:16   | Entered Level 16 of a ziggurat
 55940 | Zig:16   | Got a sparkling marble ring
 55984 | Zig:16   | Identified the cursed ring "Enty" {rF++ Str-3 Dex+2} (You
                  | found it on level 16 of a ziggurat)
 56063 | Zig:17   | Entered Level 17 of a ziggurat
 56117 | Zig:17   | Noticed Okhluzam the pandemonium lord
 56138 | Zig:17   | Killed Okhluzam the pandemonium lord
 56245 | Zig:17   | Got a steaming bone amulet
 56275 | Zig:17   | Identified the amulet "Rekiaxio" {Harm -Tele *Drain rC-
                  | Str+6 Dex+4} (You found it on level 17 of a ziggurat)
 56278 | Zig:18   | Entered Level 18 of a ziggurat
 56309 | Zig:18   | Identified the -6 large shield "Zaikoj" {rF++}
 56431 | Zig:18   | Found the +5 scythe "Finisher" {speed, eviscerate}
 56438 | Zig:18   | Got a translucent amber ring
 56479 | Zig:18   | Identified the ring of Attitude {MP+9 Str+7 Dex+7} (You
                  | found it on level 18 of a ziggurat)
 56490 | Zig:19   | Entered Level 19 of a ziggurat
 56699 | Zig:19   | Identified the Collected Works on Air
 56717 | Zig:19   | Identified the Disquisition on Dusty Enhancements
 56779 | Zig:19   | Got a pair of transparent gloves
 56790 | Zig:19   | Identified the -3 pair of gloves of Ceaptaf {rElec Int+4}
                  | (You acquired it on level 19 of a ziggurat)
 56804 | Zig:20   | Entered Level 20 of a ziggurat
 57021 | Zig:20   | Got jasper-encrusted steam dragon scales
 57032 | Zig:20   | Identified the +3 steam dragon scales "Cugogotu" {Regen+}
                  | (You found it on level 20 of a ziggurat)
 57098 | Zig:21   | Entered Level 21 of a ziggurat
 57294 | Zig:21   | Identified the Catalogue of the Blaze
 57297 | Zig:21   | Got a slimy eveningstar
 57305 | Zig:21   | Identified the +12 eveningstar "Sikha" {crush, rC- Int+2
                  | SInv} (You found it on level 21 of a ziggurat)
 57308 | Zig:21   | Got a pair of shimmering gloves
 57322 | Zig:21   | Identified the +1 pair of gloves of Akouloas {rPois} (You
                  | acquired it on level 21 of a ziggurat)
 57344 | Zig:22   | Entered Level 22 of a ziggurat
 57366 | Zig:22   | Noticed a greater mummy
 57369 | Zig:22   | Noticed a greater mummy
 57369 | Zig:22   | Noticed a greater mummy
 57372 | Zig:22   | Noticed a greater mummy
 57373 | Zig:22   | Noticed a greater mummy
 57373 | Zig:22   | Noticed a greater mummy
 57374 | Zig:22   | Noticed a greater mummy
 57378 | Zig:22   | Killed a greater mummy
 57378 | Zig:22   | Killed a greater mummy
 57378 | Zig:22   | Noticed a greater mummy
 57380 | Zig:22   | Killed a greater mummy
 57382 | Zig:22   | Killed a greater mummy
 57382 | Zig:22   | Killed a greater mummy
 57382 | Zig:22   | Noticed a greater mummy
 57384 | Zig:22   | Killed a greater mummy
 57384 | Zig:22   | Noticed a greater mummy
 57384 | Zig:22   | Noticed a greater mummy
 57386 | Zig:22   | Killed a greater mummy
 57387 | Zig:22   | Killed a greater mummy
 57396 | Zig:22   | Killed a greater mummy
 57402 | Zig:22   | Killed a greater mummy
 57407 | Zig:22   | Killed a greater mummy
 57520 | Zig:22   | Found the +7 Spriggan's Knife {stab, EV+4 Stlth+}
 57530 | Zig:22   | Identified Ystribro's Grimoire of Supportive Transmigration
 57540 | Zig:22   | Identified the Compendium of Envenoming and Lightness
 57553 | Zig:22   | Got a crude marble ring
 57609 | Zig:22   | Learned a level 8 spell: Chain Lightning
 57614 | Zig:22   | Identified the ring "Kycuih" {+Fly rElec rC+ rN+ Int-2}
                  | (You found it on level 22 of a ziggurat)
 57617 | Zig:23   | Entered Level 23 of a ziggurat
 57641 | Zig:23   | Noticed a shard shrike
 57642 | Zig:23   | Noticed a shard shrike
 57643 | Zig:23   | Reached skill level 1 in Evocations
 57646 | Zig:23   | Killed a shard shrike
 57647 | Zig:23   | Killed a shard shrike
 57647 | Zig:23   | Noticed a shard shrike
 57654 | Zig:23   | Killed a shard shrike
 57654 | Zig:23   | Reached skill level 27 in Air Magic
 57660 | Zig:23   | Noticed a shard shrike
 57668 | Zig:23   | Reached skill level 5 in Stealth
 57674 | Zig:23   | Noticed a shard shrike
 57675 | Zig:23   | Killed a shard shrike
 57685 | Zig:23   | Killed a shard shrike
 57699 | Zig:23   | Noticed a shard shrike
 57710 | Zig:23   | Killed a shard shrike
 57882 | Zig:24   | Entered Level 24 of a ziggurat
 57894 | Zig:24   | Noticed a shard shrike
 57895 | Zig:24   | Noticed a shard shrike
 57901 | Zig:24   | Noticed a shard shrike
 57903 | Zig:24   | Noticed a shard shrike
 57904 | Zig:24   | Killed a shard shrike
 57905 | Zig:24   | Killed a shard shrike
 57905 | Zig:24   | Killed a shard shrike
 57906 | Zig:24   | Noticed a shard shrike
 57909 | Zig:24   | Killed a shard shrike
 57914 | Zig:24   | Killed a shard shrike
 57916 | Zig:24   | Reached skill level 5 in Evocations
 57916 | Zig:24   | Noticed a shard shrike
 57924 | Zig:24   | Killed a shard shrike
 57943 | Zig:24   | Noticed a shard shrike
 57950 | Zig:24   | Noticed a shard shrike
 57951 | Zig:24   | Killed a shard shrike
 57956 | Zig:24   | Noticed a shard shrike
 57958 | Zig:24   | Killed a shard shrike
 57960 | Zig:24   | Noticed a shard shrike
 57975 | Zig:24   | Killed a shard shrike
 57977 | Zig:24   | Killed a shard shrike
 58106 | Zig:24   | Found the +8 frozen axe "Frostbite" {freezing cloud, *Noise
                  | +Fly rC+}
 58116 | Zig:24   | Identified the Disquisition on the Aerial Frostbite
 58128 | Zig:24   | Got a wavering platinum ring
 58132 | Zig:24   | Got a wavering ivory ring
 58137 | Zig:24   | Identified Sif Muna's Disquisition on Hexes
 58177 | Zig:24   | Identified the ring of Jink {*Drain +Blink rF+++ Int+3
                  | SInv} (You found it on level 24 of a ziggurat)
 58179 | Zig:24   | Identified the ring of Koiveat {+Inv MR- rCorr Str+5 SInv}
                  | (You found it on level 24 of a ziggurat)
 58184 | Zig:25   | Entered Level 25 of a ziggurat
 58200 | Zig:25   | Noticed a juggernaut
 58200 | Zig:25   | Noticed a juggernaut
 58208 | Zig:25   | Killed a juggernaut
 58209 | Zig:25   | Killed a juggernaut
 58211 | Zig:25   | Noticed a juggernaut
 58213 | Zig:25   | Noticed a juggernaut
 58222 | Zig:25   | Noticed a juggernaut
 58223 | Zig:25   | Noticed a juggernaut
 58245 | Zig:25   | Killed a juggernaut
 58245 | Zig:25   | Reached skill level 10 in Dodging
 58245 | Zig:25   | Killed a juggernaut
 58245 | Zig:25   | Noticed a juggernaut
 58246 | Zig:25   | Killed a juggernaut
 58254 | Zig:25   | Noticed a juggernaut
 58254 | Zig:25   | Noticed a juggernaut
 58256 | Zig:25   | Noticed a juggernaut
 58258 | Zig:25   | Killed a juggernaut
 58258 | Zig:25   | Killed a juggernaut
 58258 | Zig:25   | Noticed a juggernaut
 58259 | Zig:25   | Killed a juggernaut
 58259 | Zig:25   | Reached skill level 10 in Stealth
 58259 | Zig:25   | Killed a juggernaut
 58262 | Zig:25   | Killed a juggernaut
 58280 | Zig:25   | Killed a juggernaut
 58458 | Zig:25   | Found the +7 lajatang of Order {silver, rMut}
 58465 | Zig:25   | Got a smoking gossamer ring
 58478 | Zig:25   | Got a bound ruby amulet
 58481 | Zig:25   | Identified the Papyrus of Combat Magic
 58538 | Zig:26   | Entered Level 26 of a ziggurat
 58541 | Zig:26   | Identified the ring of the Prince {AC+4 Int+3} (You found
                  | it on level 25 of a ziggurat)
 58543 | Zig:26   | Identified the amulet "Upsaaw" {+Rage rElec rF+ Dex+4} (You
                  | found it on level 25 of a ziggurat)
 58567 | Zig:26   | Noticed a shard shrike
 58568 | Zig:26   | Noticed a shard shrike
 58575 | Zig:26   | Reached skill level 10 in Conjurations
 58579 | Zig:26   | Killed a shard shrike
 58581 | Zig:26   | Killed a shard shrike
 58652 | Zig:26   | Noticed a shard shrike
 58660 | Zig:26   | Killed a shard shrike
 58803 | Zig:26   | Identified the Guide on Earth
 58818 | Zig:26   | Got a scintillating brass ring
 58830 | Zig:26   | Got a steaming large shield
 58853 | Zig:26   | Identified the +0 large shield of the Trees {rF++ rC- Str+8
                  | SInv} (You found it on level 26 of a ziggurat)
 58866 | Zig:26   | Identified the ring of Egreirem {Ice +Inv rN+++ Str-4
                  | Int-4} (You found it on level 26 of a ziggurat)
 58868 | Zig:26   | Reached skill level 10 in Evocations
 58871 | Zig:26   | Got a steaming cloak
 58882 | Zig:26   | Identified the +3 cloak of Kommytunn {*Drain rPois rC+
                  | Int+7} (You acquired it on level 26 of a ziggurat)
 58892 | Zig:27   | Entered Level 27 of a ziggurat
 58905 | Zig:27   | Noticed Baammuep the pandemonium lord
 58905 | Zig:27   | Noticed a Killer Klown
 58906 | Zig:27   | Noticed a Killer Klown
 58922 | Zig:27   | Noticed Vucs the pandemonium lord
 58926 | Zig:27   | Noticed a Killer Klown
 58928 | Zig:27   | Noticed a Killer Klown
 58932 | Zig:27   | Noticed a Killer Klown
 58933 | Zig:27   | Killed Vucs the pandemonium lord
 58933 | Zig:27   | Killed a Killer Klown
 58933 | Zig:27   | a Killer Klown changed into an iron giant
 58939 | Zig:27   | Killed a Killer Klown
 58942 | Zig:27   | Noticed Daeps the pandemonium lord
 58965 | Zig:27   | Killed a Killer Klown
 58965 | Zig:27   | Killed Baammuep the pandemonium lord
 58966 | Zig:27   | Killed Daeps the pandemonium lord
 58966 | Zig:27   | Killed a Killer Klown
 58967 | Zig:27   | Noticed Gyll the pandemonium lord
 58968 | Zig:27   | Noticed Hiull the pandemonium lord
 58969 | Zig:27   | Noticed Biufes the pandemonium lord
 58972 | Zig:27   | Noticed Sutt the pandemonium lord
 58978 | Zig:27   | Killed Biufes the pandemonium lord
 58978 | Zig:27   | Noticed Kirpheo the pandemonium lord
 58981 | Zig:27   | Killed Sutt the pandemonium lord
 58982 | Zig:27   | Killed Gyll the pandemonium lord
 58988 | Zig:27   | Killed Hiull the pandemonium lord
 58988 | Zig:27   | Killed Kirpheo the pandemonium lord
 58988 | Zig:27   | Noticed a Killer Klown
 58990 | Zig:27   | Noticed Pess the pandemonium lord
 58991 | Zig:27   | Noticed Vuckohej the pandemonium lord
 58993 | Zig:27   | Noticed Zewir the pandemonium lord
 58998 | Zig:27   | Noticed Tolagog the pandemonium lord
 58999 | Zig:27   | Killed Pess the pandemonium lord
 58999 | Zig:27   | Noticed a Killer Klown
 59000 | Zig:27   | Noticed Oxatul the pandemonium lord
 59001 | Zig:27   | Killed a Killer Klown
 59004 | Zig:27   | Noticed a Killer Klown
 59005 | Zig:27   | Killed Zewir the pandemonium lord
 59007 | Zig:27   | Killed Vuckohej the pandemonium lord
 59014 | Zig:27   | Killed Tolagog the pandemonium lord
 59020 | Zig:27   | Noticed Miaseedgh the pandemonium lord
 59022 | Zig:27   | Killed a Killer Klown
 59024 | Zig:27   | Killed a Killer Klown
 59026 | Zig:27   | Noticed Bezey the pandemonium lord
 59028 | Zig:27   | Noticed Xiesoisof the pandemonium lord
 59030 | Zig:27   | Killed Oxatul the pandemonium lord
 59030 | Zig:27   | Reached skill level 15 in Fighting
 59030 | Zig:27   | Noticed Sozeoffy the pandemonium lord
 59031 | Zig:27   | Noticed Xivvost the pandemonium lord
 59035 | Zig:27   | Noticed Gaimips the pandemonium lord
 59036 | Zig:27   | Reached skill level 15 in Armour
 59040 | Zig:27   | Killed Bezey the pandemonium lord
 59040 | Zig:27   | Killed Xiesoisof the pandemonium lord
 59043 | Zig:27   | Killed Xivvost the pandemonium lord
 59043 | Zig:27   | Killed Miaseedgh the pandemonium lord
 59052 | Zig:27   | Killed Sozeoffy the pandemonium lord
 59053 | Zig:27   | Killed Gaimips the pandemonium lord
 59175 | Zig:27   | Found the +5 demon whip "Spellbinder" {antimagic, MR+}
 59204 | Zig:27   | Got a translucent steel amulet
 59218 | Zig:27   | Got a sparkling silver ring
 59284 | Tomb:3   | Identified the amulet "Fokiduc" {Gourm MR+ Str-3 Int+2}
                  | (You found it on level 27 of a ziggurat)
 59287 | Tomb:3   | Identified the ring "Eluz Hoeji" {+Fly Str+2} (You found it
                  | on level 27 of a ziggurat)
 59289 | Tomb:3   | Lost mutation: You are resistant to hostile enchantments.
                  | (MR+) [potion of mutation]
 59289 | Tomb:3   | Lost mutation: You are robust. (+10% HP) [potion of
                  | mutation]
 59289 | Tomb:3   | Lost mutation: You passively map a small area around you.
                  | [potion of mutation]
 59289 | Tomb:3   | Gained mutation: You expend magic power (3 MP) to
                  | strengthen your wands. [potion of mutation]
 59289 | Tomb:3   | Gained mutation: You are partially covered in molten
                  | scales. (AC +2) [potion of mutation]
 59290 | Tomb:3   | Lost mutation: You expend magic power (3 MP) to strengthen
                  | your wands. [potion of mutation]
 59290 | Tomb:3   | Lost mutation: You are partially covered in molten scales.
                  | (AC +2) [potion of mutation]
 59290 | Tomb:3   | Gained mutation: Your mind is acute. (Int +2) [potion of
                  | mutation]
 59290 | Tomb:3   | Gained mutation: You occasionally shout uncontrollably at
                  | your foes. [potion of mutation]
 59290 | Tomb:3   | Gained mutation: Your flesh is heat resistant. (rF+)
                  | [potion of mutation]
 59291 | Tomb:3   | Lost mutation: You occasionally shout uncontrollably at
                  | your foes. [potion of mutation]
 59291 | Tomb:3   | Lost mutation: You have sharp toenails. [potion of
                  | mutation]
 59291 | Tomb:3   | Lost mutation: Your flesh is heat resistant. (rF+) [potion
                  | of mutation]
 59291 | Tomb:3   | Gained mutation: You have an increased reservoir of magic.
                  | (+10% MP) [potion of mutation]
 59291 | Tomb:3   | Gained mutation: You possess an exceptional clarity of
                  | mind. [potion of mutation]
 59295 | Zig:1    | Entered Level 1 of a ziggurat
 59295 | Zig:1    | Noticed a Killer Klown
 59304 | Zig:1    | Killed a Killer Klown
 59331 | Zig:2    | Entered Level 2 of a ziggurat
 59385 | Zig:3    | Entered Level 3 of a ziggurat
 59434 | Zig:4    | Entered Level 4 of a ziggurat
 59462 | Zig:4    | Identified the Reference Book on Enthralling Good Luck
 59495 | Zig:5    | Entered Level 5 of a ziggurat
 59566 | Zig:6    | Entered Level 6 of a ziggurat
 59665 | Zig:7    | Entered Level 7 of a ziggurat
 59670 | Zig:7    | Noticed an ancient lich
 59674 | Zig:7    | Killed an ancient lich
 59745 | Zig:8    | Entered Level 8 of a ziggurat
 59855 | Zig:9    | Entered Level 9 of a ziggurat
 59937 | Zig:9    | Got a twitching iron ring
 59998 | Zig:9    | Identified the cursed ring "Vuxiluyg" {+Fly rElec Str-2}
                  | (You found it on level 9 of a ziggurat)
 60001 | Zig:10   | Entered Level 10 of a ziggurat
 60009 | Zig:10   | Found the +8 Wrath of Trog {antimagic, *Rage}
 60055 | Zig:10   | Got a brightly glowing brass amulet
 60108 | Zig:11   | Entered Level 11 of a ziggurat
 60123 | Zig:11   | Identified the amulet of Plog {RegenMP rC+ rN+ MR- Str+6}
                  | (You found it on level 10 of a ziggurat)
 60269 | Zig:12   | Entered Level 12 of a ziggurat
 60280 | Zig:12   | Noticed Baytrooh the pandemonium lord
 60283 | Zig:12   | Reached skill level 10 in Ice Magic
 60293 | Zig:12   | Killed Baytrooh the pandemonium lord
 60370 | Zig:12   | Got an ancient tin ring
 60415 | Zig:12   | Identified the cursed ring "Weome" {rC+ EV-3} (You found it
                  | on level 12 of a ziggurat)
 60418 | Zig:12   | Reached skill level 15 in Evocations
 60419 | Zig:12   | Reached skill level 15 in Dodging
 60433 | Zig:13   | Entered Level 13 of a ziggurat
 60472 | Zig:13   | Found the +27 Lear's hauberk
 60504 | Zig:13   | Identified the Handbook of Transmutation and Companions
 60603 | Zig:14   | Entered Level 14 of a ziggurat
 60623 | Zig:14   | Reached skill level 15 in Conjurations
 60731 | Zig:14   | Identified Pycw's Disquisition on Augmentations and
                  | Sinister Rites
 60735 | Zig:14   | Identified Sif Muna's Reference Book on Unstable
                  | Confrontation
 60798 | Zig:15   | Entered Level 15 of a ziggurat
 60953 | Zig:16   | Entered Level 16 of a ziggurat
 61001 | Zig:16   | Found the +7 pair of quick blades "Gyre" and "Gimble"
                  | {protect}
 61001 | Zig:16   | Found the +10 zealot's sword {holy, *Rage rN+ EV+3}
 61065 | Zig:16   | Identified the Incunabulum of Floating Good Luck
 61070 | Zig:16   | Identified the Volume of the Flamy Escort
 61152 | Zig:17   | Entered Level 17 of a ziggurat
 61173 | Zig:17   | Reached skill level 15 in Ice Magic
 61306 | Zig:17   | Found the cursed +14 obsidian axe {chop, +Fly SInv *Curse}
 61495 | Zig:17   | Got a shimmering battleaxe
 61497 | Zig:17   | Got a transparent battleaxe
 61503 | Zig:17   | Identified the +0 battleaxe "Yqovak" {drain, rC+ Dex+8}
                  | (You found it on level 17 of a ziggurat)
 61504 | Zig:17   | Identified the +4 battleaxe of Etuby {drain, rElec MP+9}
                  | (You found it on level 17 of a ziggurat)
 61510 | Zig:17   | Got a pair of faintly glowing boots
 61521 | Zig:17   | Identified the +0 pair of boots of Parts Unknown {rF+} (You
                  | acquired it on level 17 of a ziggurat)
 61554 | Zig:18   | Entered Level 18 of a ziggurat
 61787 | Zig:19   | Entered Level 19 of a ziggurat
 61932 | Zig:19   | Got an ancient marble ring
 62023 | Zig:19   | Identified the ring of the Blue Skies {Wiz +Fly rC+} (You
                  | found it on level 19 of a ziggurat)
 62034 | Zig:20   | Entered Level 20 of a ziggurat
 62054 | Zig:20   | Noticed a juggernaut
 62055 | Zig:20   | Noticed a juggernaut
 62068 | Zig:20   | Killed a juggernaut
 62070 | Zig:20   | Killed a juggernaut
 62136 | Zig:20   | Identified Qaavuq's Reference Book on Earth and the
                  | Entourage
 62218 | Zig:20   | Identified Qiezxaod's Volume of Ashen Transmutation
 62300 | Zig:20   | Got a bloodstained demon blade
 62309 | Zig:20   | Got an encrusted battleaxe
 62313 | Zig:20   | Identified the +2 battleaxe of the Pariah {freeze, rElec
                  | MR+} (You found it on level 20 of a ziggurat)
 62315 | Zig:20   | Identified the +5 demon blade of Exoneration {drain, rF+
                  | SInv} (You found it on level 20 of a ziggurat)
 62325 | Zig:21   | Entered Level 21 of a ziggurat
 62808 | Zig:22   | Entered Level 22 of a ziggurat
 63071 | Zig:22   | Identified the Papyrus of the Tired Hells
 63162 | Zig:23   | Entered Level 23 of a ziggurat
 63428 | Zig:23   | Identified the Collected Works on the Hurtful Frostbite
 63434 | Zig:23   | Identified the Incunabulum of Excruciating Contamination
 63442 | Zig:23   | Got a translucent bronze ring
 63527 | Zig:24   | Entered Level 24 of a ziggurat
 63557 | Zig:24   | Reached skill level 1 in Throwing
 63565 | Zig:24   | Reached skill level 5 in Throwing
 63825 | Zig:24   | Identified Spellweaving, Part One
 63921 | Zig:25   | Entered Level 25 of a ziggurat
 63963 | Zig:25   | Reached skill level 10 in Throwing
 63972 | Zig:25   | Noticed Nykkuiwoul the pandemonium lord
 63974 | Zig:25   | Killed from afar by a hellion

Levels and vault maps discovered:
D:1:      nzn_arrival_depleted_hourglass, layout_rooms,
          chequers_serial_rivers_large_b
D:2:      layout_basic, old_standard_altar, first_ration, hangedman_decor_push
D:3:      layout_loops_ring, lemuel_coloured_pillars_altar, minivault_23,
          uniq_robin
D:4:      layout_cave_pods, lemuel_crystal_altar,
          minmay_temple_entry_sparse_star, uniq_sigmund
D:5:      layout_rooms, grunt_temple_overflow_forces_of_nature, serial_shops,
          nicolae_shop_waterfront, hangedman_abyss_or_decor_lesser_grid,
          hangedman_minor_gate_pass, uniq_blork_the_orc
D:6:      layout_rooms, makhleb_grotto_becter,
          nicolae_overflow_quartered_altars, basic_altar
D:7:      layout_loops_ring
D:8:      layout_basic, lair_entry_dummy, david_nohive_1, grunt_tough_drop
D:9:      layout_roguey, basic_altar, serial_shops, shop, kennysheep_mini, shop
D:10:     layout_small_grid, serial_undead, serial_undead_e, serial_undead_a,
          serial_undead_d, serial_undead_d, biasface_ghost_orc_armoury,
          enter_trove_6
D:11:     layout_irregular_city, erik_orc_3
D:12:     layout_irregular_city, kennysheep_generic_room_15
D:13:     kennysheep_ambush_hall, layout_basic, uniq_josephine, uniq_urug
D:14:     layout_long_grid, david_vaults_3, chequers_serial_rivers_small_b
D:15:     gammafunk_enter_depths_forms, layout_irregular_city,
          minmay_crystal_room
Temple:   nicolae_temple_x_marks_the_god
Lair:1:   layout_small_grid, grunt_megastairs_4
Lair:2:   layout_long_grid, roderic_batcave, patterned_corridor
Lair:3:   layout_gridlike, minmay_snake_entry_six_corridors
Lair:4:   layout_gridlike, minmay_shoals_entry_centaurs,
          nicolae_lair_grove_arrangements, nicolae_quartered_pool_little,
          minivault_19, serial_bayou_shore_b, lemuel_fruit_tree
Lair:5:   layout_small_grid, slime_altar_1, minivault_19,
          chequers_serial_rivers_small_3, serial_bayou_lagoon_a
Lair:6:   wormcave, layout_regular_city, hangedman_lair_caniforms_friends
Shoals:1: layout_shoals, nicolae_shoals_dead_sea_scrolls
Shoals:2: layout_shoals
Shoals:3: layout_shoals
Shoals:4: shoals_end_grunt_ice, layout_shoals, uniq_polyphemus
Snake:1:  layout_cave_shapes, uniq_louise
Snake:2:  layout_onion_interference, serial_shops, nicolae_shop_crystal
Snake:3:  layout_onion_interference, hangedman_corner_corridor,
          minmay_shoptagon, uniq_donald
Snake:4:  johnstein_snake_rune_scales, layout_rooms,
          nrook_guardian_serpent_double
Orc:1:    layout_diamond_mine, serial_shops, shop, gammafunk_ghost_smash
Orc:2:    st_orc_rangers, layout_diamond_mine, basic_altar
Elf:1:    layout_geoelf_grid, orc_legates, drop_trap
Elf:2:    layout_geoelf_octagon, uniq_saint_roka, uniq_azrael
Elf:3:    elf_hall, layout_loops_corners
Vaults:1: vaults_room_corners, hangedman_vaults_cutoff, ontoclasm_vaults_echo,
          nicolae_vaults_disjoint_gnomons, v_alt_pattern_6, vaults_dpeg_cross,
          ontoclasm_vaults_misaligned, v_misc_15, v_alt_pattern_4,
          nicolae_vaults_network_s, nicolae_vaults_circle_grid_b, v_pattern_3,
          layout_vaults_maze
Vaults:2: minmay_crypt_entry_simple_statues, nicolae_vaults_twisting_passages,
          vaults_room_corners, sword_in_stone, nicolae_vaults_network_periphery,
          hangedman_vaults_pinch, nicolae_vaults_three_branches, v_misc_25,
          hangedman_vaults_restitches, vaults_dpeg_spiral,
          vaults_dpeg_encased_lava, hangedman_vaults_corner_blocks,
          ontoclasm_vaults_gateway, layout_vaults_omnicross
Vaults:3: hangedman_vaults_variations, vaults_dpeg_ring,
          nicolae_vaults_back_hallway, vaults_room_fours,
          nicolae_vaults_stairing_the_circle, hangedman_vaults_capsules,
          nicolae_vaults_little_squares_5, v_misc_30, grunt_vaults_focal,
          vaults_room_glass_cross, layout_vaults_chaotic_city, serial_shops,
          shop, nicolae_shop_window_shopping
Vaults:4: gammafunk_vaults_ghost_fury_of_okawaru, nicolae_vaults_circle_grid_b,
          dpeg_vaults_monster_box, ontoclasm_vaults_eye, vaults_mumra_lcd,
          ontoclasm_vaults_spin, v_misc_29, grunt_vaults_funnel,
          hangedman_vaults_slice, nicolae_vaults_statue_guard, vaults_room_grid,
          layout_vaults_omnibox, portal_desolation_entry_garden
Vaults:5: uniq_boris
Crypt:1:  layout_rooms, tombwall_bobbens, grunt_megastairs_3
Crypt:2:  layout_chaotic_city, st_stairs_7, lemuel_statue_altar, uniq_xtahua
Crypt:3:  due_elkab, layout_chaotic_city, tomb_entry_forgotten_bobbens,
          eino_tiny_chamber, uniq_mennas
Tomb:1:   uniq_frederick
Tomb:2
Tomb:3
Zig:25

Skill      XL: |  1  2  3  4  5  6  7  8  9 10 11 12 13 14 15 16 17 18 19 20 21 22 23 24 25 26 27 |
---------------+----------------------------------------------------------------------------------+-----
Conjurations   | 1 2 3 4 5 6 21 | 21.7
Fire Magic     | 3 5 13 | 13.9
Air Magic      | 2 4 5 27 | 27.0
Charms         | 4 6 |  6.0
Necromancy     | 5 9 12 16 18 19 | 19.0
Spellcasting   | 5 7 10 13 16 | 16.0
Shields        | 9 11 14 15 23 | 23.5
Dodging        | 2 5 8 15 | 15.0
Fighting       | 1 6 9 10 19 | 19.4
Armour         | 1 6 9 10 15 | 15.0
Earth Magic    | 2 9 11 16 18 21 24 27 | 27.0
Ice Magic      | 5 6 21 | 21.2
Transmutations | 10 15 19 | 19.0
Summonings     | 8 |  8.0
Hexes          | 10 | 10.2
Evocations     | 15 | 15.1
Stealth        | 12 | 12.1
Throwing       | 11 | 11.3
Translocations | |  0.8

Action                   |  1- 3 |  4- 6 |  7- 9 | 10-12 | 13-15 | 16-18 | 19-21 | 22-24 | 25-27 || total
-------------------------+-------+-------+-------+-------+-------+-------+-------+-------+-------++-------
Melee: Unarmed           |     1 |       |       |       |       |       |       |       |       ||     1
       Short sword       |    50 |    78 |       |       |       |       |       |       |       ||   128
       Fustibalus        |       |       |     1 |       |     1 |       |       |       |       ||     2
       Morningstar       |       |       |       |       |   107 |   155 |   152 |   309 |   764 ||  1487
       Staff             |       |       |       |       |       |       |       |       |    15 ||    15
       Executioner's axe |       |       |       |       |       |       |       |       |     3 ||     3
 Fire: Hunting sling     |       |    19 |     4 |       |       |       |    39 |   375 |   253 ||   690
       Fustibalus        |       |       |   201 |   574 |  1046 |   776 |   377 |       |    70 ||  3044
 Cast: Magic Dart        |    42 |    62 |    21 |     7 |       |       |       |       |       ||   132
       Mephitic Cloud    |     1 |     6 |    29 |    81 |    92 |    10 |     6 |     8 |       ||   233
       Conjure Flame     |       |     1 |    15 |    39 |    73 |       |     8 |     2 |     8 ||   146
       Regeneration      |       |       |     1 |    22 |    41 |    39 |    30 |    26 |    50 ||   209
       Dispel Undead     |       |       |       |     4 |    17 |       |     8 |    17 |   140 ||   186
       Bolt of Draining  |       |       |       |     6 |    52 |     1 |     6 |    17 |       ||    82
       Sublimation of Bl |       |       |       |     2 |    25 |    56 |    49 |    14 |    39 ||   185
       Borgnjor's Vile C |       |       |       |       |    33 |   297 |   225 |   277 |   283 ||  1115
       Ozocubu's Armour  |       |       |       |       |       |       |     2 |    12 |    38 ||    52
       Necromutation     |       |       |       |       |       |       |       |       |   122 ||   122
       Shatter           |       |       |       |       |       |       |       |       |   268 ||   268
       Aura of Abjuratio |       |       |       |       |       |       |       |       |    17 ||    17
       Tornado           |       |       |       |       |       |       |       |       |   104 ||   104
       Chain Lightning   |       |       |       |       |       |       |       |       |    11 ||    11
       Darkness          |       |       |       |       |       |       |       |       |     6 ||     6
Invok: Receive Necronomi |       |       |       |       |     1 |       |       |       |       ||     1
       Renounce Religion |       |       |       |       |     1 |       |       |       |       ||     1
       Potion Petition   |       |       |       |       |     4 |       |     2 |       |    57 ||    63
       Call Merchant     |       |       |       |       |       |       |       |       |     7 ||     7
 Abil: Dig               |     1 |     3 |     2 |    20 |    34 |    10 |     1 |     4 |     1 ||    76
       End Transformatio |       |       |       |       |       |       |       |       |    37 ||    37
Evoke: Lamp of fire      |       |       |       |       |       |       |     2 |     1 |     4 ||     7
       Fan of gales      |       |       |       |       |       |       |     1 |       |       ||     1
       Staff of energy   |       |       |       |       |       |       |       |       |   653 ||   653
       Figurine of a zig |       |       |       |       |       |       |       |       |     2 ||     2
       Wand              |       |       |       |       |       |       |       |       |     1 ||     1
       Sack of spiders   |       |       |       |       |       |       |       |       |     1 ||     1
  Use: Scroll            |       |     6 |     2 |     6 |    14 |    11 |     4 |     1 |    51 ||    95
       Potion            |       |       |       |     1 |     3 |       |     1 |       |    45 ||    50
 Stab: Sleeping          |     4 |     1 |       |       |       |       |     1 |       |       ||     6
       Confused          |     1 |     3 |       |       |       |       |       |     2 |       ||     6
       Distracted        |       |       |       |       |       |     1 |     4 |     3 |    16 ||    24
  Eat: Chunk             |       |     7 |    12 |    23 |    13 |       |       |       |       ||    55
       Ration            |       |       |       |       |    16 |    16 |     6 |     8 |    18 ||    64
Armor: Robe              |     3 |     9 |     3 |       |       |       |       |       |       ||    15
       Leather armour    |       |       |    19 |    46 |    60 |       |       |       |       ||   125
       Troll leather arm |       |       |       |       |    88 |    85 |    73 |    86 |   483 ||   815
Dodge: Dodged            |    28 |    54 |    50 |   123 |   393 |   490 |   454 |   417 |  1665 ||  3674
       Deflected         |     2 |       |     7 |    22 |    20 |    41 |    37 |    12 |       ||   141
Block: Shield            |       |       |       |    52 |   166 |       |       |       |       ||   218
       Buckler           |       |       |       |     6 |       |       |       |       |       ||     6
       Large shield      |       |       |       |       |   420 |   711 |   627 |   647 |  2329 ||  4734
